 Dungeon Crawl Stone Soup version 0.30-a0-996-ga6910c8ee8 (webtiles) character file.

Game seed: 6138741924046447132

3222411 Xtruder99 the Conqueror (level 27, 249/249 HPs)
             Began as a Gnoll Fighter on Mar 27, 2023.
             Was the Champion of Cheibriados.
             Escaped with the Orb
             ... and 5 runes on Apr 4, 2023!
             The game lasted 12:47:06 (99759 turns).

Xtruder99 the Conqueror (Gnoll Fighter)            Turns: 99759, Time: 12:47:07

Health: 249/249    AC: 35    Str: 44    XL:     27
Magic:  91/91      EV: 38    Int: 47    God:    Cheibriados [******]
Gold:   18573      SH: 16    Dex: 30    Spells: 13/80 levels left

rFire   + . .      SeeInvis +    a - staff of cold "Teeffog" {rElec rC+ MP+9 Stlth+}
rCold   + . .      Faith    .    S - +3 warlock's mirror {omnireflect}
rNeg    + + .      Spirit   .    A - +8 chain mail of the Accordion {MP+9 Str+5 SInv}
rPois   +          Reflect  +    g - +3 hat of Pondering {ponderous, Will+ MP+10 Int+5}
rElec   +          Rampage  .    l - scarf {rC+ rF+}
rCorr   +          Archmagi +    D - +2 pair of gloves of the Sunfish {rC- rN++ rCorr}
Will    +++..                    W - +0 pair of boots "Xenao" {*Slow rPois Int+8 Dex+3}
Stlth   +++                      L - amulet of Vitality {RegenMP++ Regen++}
HPRegen 2.21/turn                s - ring of Qiep {rElec rPois MP+9 Str+6 Stlth-}
MPRegen 1.32/turn                k - ring of the Mage {Wiz Archmagi}

@: studying 10 skills, very slow
A: fangs 1, strong nose, distributed training, antennae 1
0: Orb of Zot
}: 5/15 runes: barnacled, slimy, silver, golden, gossamer
a: Renounce Religion, Bend Time, Temporal Distortion, Slouch, Step From Time


You escaped.
You worshipped Cheibriados.
Cheibriados was exalted by your worship.
You visited 14 branches of the dungeon, and saw 60 of its levels.
You visited the Abyss 1 time.
You completed 4 ziggurats, and saw 108 of their levels.
You also visited: Trove and Ice Cave.

You collected 21272 gold pieces.
You spent 2699 gold pieces at shops.

Inventory:

Hand Weapons
 B - a +9 hand crossbow of draining
 M - the +8 broad axe of Blood-Lust {vamp, Will+ Int+4}
   (You found it on level 22 of a ziggurat)

   Int:       It affects your intelligence (+4).
   Will:      It increases your willpower.
 U - the +8 demon blade "Momimer Bena" {elec, rN+++ Will- Str+6 Int+3}
   (You found it on level 5 of the Lair of Beasts)

   Str:       It affects your strength (+6).
   Int:       It affects your intelligence (+3).
   rN:        It renders you almost immune to negative energy.
   Will:      It decreases your willpower.
Armour
 g - the +3 hat of Pondering (worn) {ponderous, Will+ MP+10 Int+5}
   (You found it on level 13 of a ziggurat)

   Int:       It affects your intelligence (+5).
   MP:        It affects your magic capacity (+10).
   Will:      It increases your willpower.
 l - a scarf of resistance (worn)
 A - the +8 chain mail of the Accordion (worn) {MP+9 Str+5 SInv}
   (You found it on level 20 of a ziggurat)

   Str:       It affects your strength (+5).
   MP:        It affects your magic capacity (+9).
   SInv:      It lets you see invisible.
 D - the +2 pair of gloves of the Sunfish (worn) {rC- rN++ rCorr}
   (You acquired it on level 2 of the Lair of Beasts)

   rC:        It makes you vulnerable to cold.
   rN:        It greatly protects you from negative energy.
   rCorr:     It protects you from acid and corrosion.
 S - the +3 warlock's mirror (worn) {omnireflect}
   (You found it on level 20 of a ziggurat)

   Omnireflect: It can block and reflect piercing ranged attacks and magical
   attacks against the wielder's willpower.
 W - the +0 pair of boots "Xenao" (worn) {*Slow rPois Int+8 Dex+3}
   (You found it on level 22 of a ziggurat)

   Int:       It affects your intelligence (+8).
   Dex:       It affects your dexterity (+3).
   rPois:     It protects you from poison.
   *Slow:     It may slow you when you take damage.
 Z - a +8 tower shield of reflection
Magical Staves
 a - the staff of cold "Teeffog" (weapon) {rElec rC+ MP+9 Stlth+}
   (You found it on level 25 of a ziggurat)

   [staff of cold]

   Base accuracy: +5 Base damage: 5 Base attack delay: 1.2 This weapon's minimum
   attack delay (0.6) is reached at skill level 12.
   rC:        It protects you from cold.
   rElec:     It insulates you from electricity.
   MP:        It affects your magic capacity (+9).
   Stlth:     It makes you more stealthy.
   It falls into the 'Staves' category.
   It is a one-handed weapon.
Jewellery
 b - the ring "Iladed" {+Blink rC+ Will+}
   (You found it on level 25 of a ziggurat)

   [ring of willpower]

   rC:        It protects you from cold.
   +Blink:    It lets you blink.
   Will:      It increases your willpower.
 j - the ring of Shadows {Umbra +Inv Stlth+}
   (You found it on level 18 of a ziggurat)

   [ring of stealth]

   Umbra:     It surrounds you with an aura of shadow, increasing your stealth
   and reducing the accuracy of all others within it.
   +Inv:      It lets you turn invisible.
   Stlth:     It makes you more stealthy.
 k - the ring of the Mage (right hand) {Wiz Archmagi}
   (You found it on level 1 of the Crypt)

   [ring of wizardry]

   It improves your spell success rate.
   Archmagi:  It increases the power of your magical spells.
 s - the ring of Qiep (left hand) {rElec rPois MP+9 Str+6 Stlth-}
   (You took it off a vault sentinel on level 5 of the Vaults)

   [ring of strength]

   Str:       It affects your strength (+6).
   rElec:     It insulates you from electricity.
   rPois:     It protects you from poison.
   MP:        It affects your magic capacity (+9).
   Stlth:     It makes you less stealthy.
 L - the amulet of Vitality (around neck) {RegenMP++ Regen++}
   (You found it on level 17 of a ziggurat)

   [amulet of magic regeneration]

   It increases your rate of magic regeneration.
   Regen:     It increases your rate of health regeneration.
 R - the dreamshard necklace {*Dream Drain}
   (You found it on level 7 of a ziggurat)

   [amulet of nothing]

   *Dream:    It shatters if its wearer takes lethal or near-lethal damage,
   preventing the blow and releasing protective dreams that heal and fight for
   the wearer.
   Drain:     It drains your maximum health when unequipped.
Wands
 n - a wand of digging (11)
 p - a wand of mindburst (18)
 y - a wand of flame (15)
 C - a wand of roots (4)
 N - a wand of quicksilver (13)
Scrolls
 f - a scroll of silence
 i - 9 scrolls of poison
 m - 20 scrolls of amnesia
 q - 7 scrolls of fear
 t - 30 scrolls of enchant armour
 u - 69 scrolls of teleportation
 v - 2 scrolls of summoning
 H - 18 scrolls of magic mapping
 P - 58 scrolls of fog
 T - 21 scrolls of enchant weapon
 V - 29 scrolls of blinking
Potions
 c - 3 potions of invisibility
 d - 16 potions of cancellation
 e - 23 potions of attraction
 h - 16 potions of lignification
 o - 16 potions of might
 r - 41 potions of curing
 w - 58 potions of mutation
 x - 31 potions of heal wounds
 z - 12 potions of experience
 F - 5 potions of magic
 G - 8 potions of resistance
 I - 3 potions of brilliance
 J - 14 potions of ambrosia


   Skills:
 O Level 27 Fighting
 O Level 27 Short Blades
 O Level 27 Long Blades
 O Level 27 Axes
 O Level 27 Maces & Flails
 O Level 27 Polearms
 O Level 27 Staves
 O Level 27 Ranged Weapons
 O Level 27 Throwing
 O Level 27 Armour
 O Level 27 Dodging
 O Level 27 Stealth
 O Level 27 Shields
 O Level 27 Unarmed Combat
 O Level 27 Spellcasting
 O Level 27 Conjurations
 O Level 27 Hexes
 O Level 27 Summonings
 O Level 27 Necromancy
 O Level 27 Translocations
 O Level 27 Transmutations
 O Level 27 Fire Magic
 O Level 27 Ice Magic
 O Level 27 Air Magic
 O Level 27 Earth Magic
 O Level 27 Poison Magic
 O Level 27 Invocations
 O Level 27 Evocations


You had 13 spell levels left.
You knew the following spells:

 Your Spells              Type           Power      Damage    Failure   Level
a - Ozocubu's Refrigerat  Ice            98%        4d29      0%          7
b - Ignite Poison         Fire/Tmut/Pois 100%       N/A       0%          3
c - Statue Form           Tmut/Erth      100%       N/A       0%          6
d - Shatter               Erth           84%        3d61*     1%          9
e - Blink                 Tloc           100%       N/A       0%          2
f - Manifold Assault      Tloc           100%       N/A       0%          4
g - Sublimation of Blood  Necr           100%       N/A       0%          2
h - Fire Storm            Conj/Fire      84%        8d21      1%          9
i - Necromutation         Tmut/Necr      84%        N/A       1%          8
j - Ignition              Fire           84%        3d22      1%          8
k - Polar Vortex          Ice            98%        N/A       1%          9

Your spell library contained the following spells:

 Spells                   Type           Power      Damage    Failure   Level
 Apportation              Tloc           100%       N/A       0%          1
 Beastly Appendage        Tmut           100%       N/A       0%          1
 Foxfire                  Conj/Fire      100%       2x1d9     0%          1
 Freeze                   Ice            100%       1d10      0%          1
 Kiss of Death            Conj/Necr      100%       2d13      0%          1
 Magic Dart               Conj           100%       1d8       0%          1
 Necrotise                Necr           100%       1d9       0%          1
 Sandblast                Erth           100%       2d20      0%          1
 Shock                    Conj/Air       100%       1d9       0%          1
 Slow                     Hex            100%       N/A       0%          1
 Sting                    Tmut/Pois      100%       1d8       0%          1
 Summon Small Mammal      Summ           100%       N/A       0%          1
 Call Imp                 Summ           100%       N/A       0%          2
 Cigotuvi's Dreadful Rot  Necr/Pois/Air  100%       N/A       0%          2
 Ensorcelled Hibernation  Hex/Ice        100%       N/A       0%          2
 Lesser Beckoning         Tloc           100%       N/A       0%          2
 Momentum Strike          Conj/Tloc      100%       3d10      0%          2
 Passwall                 Tmut/Erth      100%       N/A       0%          2
 Poisonous Vapours        Pois/Air       100%       N/A       0%          2
 Scorch                   Fire           100%       2d10      0%          2
 Searing Ray              Conj           100%       2d8       0%          2
 Static Discharge         Conj/Air       100%       2-7/arc   0%          2
 Wereblood                Tmut           100%       N/A       0%          2
 Call Canine Familiar     Summ           100%       N/A       0%          3
 Confusing Touch          Hex            100%       N/A       0%          3
 Dazzling Flash           Conj/Hex       100%       N/A       0%          3
 Frozen Ramparts          Ice            100%       1d16      0%          3
 Gell's Gravitas          Tloc           100%       N/A       0%          3
 Hailstorm                Conj/Ice       100%       3d20      0%          3
 Inner Flame              Hex/Fire       100%       N/A       0%          3
 Kindle Blastsparks       Fire/Tloc/Air  100%       2d18      0%          3
 Mephitic Cloud           Conj/Pois/Air  100%       N/A       0%          3
 Ozocubu's Armour         Ice            100%       N/A       0%          3
 Portal Projectile        Hex/Tloc       100%       N/A       0%          3
 Spider Form              Tmut/Pois      100%       N/A       0%          3
 Stone Arrow              Conj/Erth      100%       3d13      0%          3
 Summon Guardian Golem    Hex/Summ       100%       N/A       0%          3
 Swiftness                Air            100%       N/A       0%          3
 Teleport Other           Tloc           100%       N/A       0%          3
 Tukima's Dance           Hex            100%       N/A       0%          3
 Vampiric Draining        Necr           100%       2d13      0%          3
 Vhi's Electric Charge    Tloc/Air       100%       N/A       0%          3
 Airstrike                Air            84%        2d(13-29) 0%          4
 Anguish                  Hex/Necr       84%        N/A       0%          4
 Animate Armour           Summ/Erth      100%       N/A       0%          4
 Animate Dead             Necr           100%       N/A       0%          4
 Cause Fear               Hex            84%        N/A       0%          4
 Dispel Undead            Necr           100%       3d31      0%          4
 Flame Wave               Conj/Fire      100%       2d21      0%          4
 Fulminant Prism          Conj/Hex       84%        3d33      0%          4
 Ice Form                 Ice/Tmut       100%       N/A       0%          4
 Iskenderun's Mystic Bla  Conj/Tloc      100%       2d19      0%          4
 Leda's Liquefaction      Hex/Erth       84%        N/A       0%          4
 Olgreb's Toxic Radiance  Pois           100%       N/A       0%          4
 Passage of Golubria      Tloc           100%       N/A       0%          4
 Petrify                  Tmut/Erth      100%       N/A       0%          4
 Sticky Flame             Conj/Fire      100%       2d11      0%          4
 Summon Ice Beast         Ice/Summ       100%       N/A       0%          4
 Summon Lightning Spire   Summ/Air       100%       N/A       0%          4
 Agony                    Necr           100%       N/A       0%          5
 Alistair's Intoxication  Tmut/Pois      100%       N/A       0%          5
 Arcjolt                  Conj/Air       84%        1d94      0%          5
 Blade Hands              Tmut           84%        N/A       0%          5
 Borgnjor's Vile Clutch   Necr/Erth      84%        N/A       0%          5
 Fireball                 Conj/Fire      84%        3d31      0%          5
 Freezing Cloud           Conj/Ice/Air   98%        6-21      0%          5
 Irradiate                Conj/Tmut      84%        3d39      0%          5
 Iskenderun's Battlesphe  Conj           100%       2d15      0%          5
 Lee's Rapid Deconstruct  Erth           84%        3d37*     0%          5
 Metabolic Englaciation   Hex/Ice        98%        N/A       0%          5
 Silence                  Hex/Air        84%        N/A       0%          5
 Summon Forest            Summ/Tloc      84%        N/A       0%          5
 Summon Mana Viper        Hex/Summ       100%       N/A       0%          5
 Yara's Violent Unravell  Hex/Tmut       84%        3d31      0%          5
 Conjure Ball Lightning   Conj/Air       84%        3x3d32    0%          6
 Death Channel            Necr           84%        N/A       0%          6
 Dispersal                Tloc           84%        N/A       0%          6
 Eringya's Noxious Bog    Tmut/Pois      84%        N/A       0%          6
 Iron Shot                Conj/Erth      84%        9d15      0%          6
 Plasma Beam              Fire/Air       84%        2x1d112   0%          6
 Simulacrum               Ice/Necr       98%        N/A       0%          6
 Starburst                Conj/Fire      84%        6d21      0%          6
 Summon Cactus Giant      Summ           84%        N/A       0%          6
 Dragon Form              Tmut           84%        N/A       0%          7
 Enfeeble                 Hex            84%        N/A       0%          7
 Haunt                    Necr/Summ      84%        N/A       0%          7
 Malign Gateway           Summ/Tloc      84%        N/A       0%          7
 Monstrous Menagerie      Summ           84%        N/A       0%          7
 Orb of Destruction       Conj           84%        9d19      0%          7
 Spellforged Servitor     Conj/Summ      84%        N/A       0%          7
 Storm Form               Tmut/Air       84%        N/A       0%          7
 Summon Hydra             Summ           84%        N/A       0%          7
 Borgnjor's Revivificati  Necr           84%        N/A       1%          8
 Discord                  Hex            84%        N/A       1%          8
 Disjunction              Tloc           84%        N/A       1%          8
 Infestation              Necr           84%        N/A       1%          8
 Lehudib's Crystal Spear  Conj/Erth      84%        10d19     1%          8
 Maxwell's Capacitive Co  Air            84%        ∞         1%          8
 Summon Horrible Things   Summ           84%        N/A       1%          8
 Chain Lightning          Conj/Air       84%        3d112     1%          9
 Death's Door             Necr           84%        N/A       1%          9
 Dragon's Call            Summ           84%        N/A       1%          9


Dungeon Overview and Level Annotations

Branches:
Dungeon (15/15)            Temple (1/1) D:7            Lair (5/5) D:11
 Shoals (4/4) Lair:2       Spider (4/4) Lair:2        Slime (5/5) Lair:5
    Orc (2/2) D:9             Elf (3/3) Orc:2        Vaults (5/5) D:13
  Crypt (3/3) Vaults:3       Tomb (3/3) Crypt:3      Depths (4/4) D:15
   Hell (visited)             Dis (0/7) Hell            Geh (0/7) Hell
    Coc (0/7) Hell            Tar (0/7) Hell            Zot (5/5) Depths:4
  IceCv (visited)

Altars:
Ashenzari
Cheibriados
Dithmenos
Elyvilon
Fedhas
Gozag
Hepliaklqana
Nemelex Xobeh
Okawaru
Qazlal
Ru
Sif Muna
Trog
Vehumet
Wu Jian
Xom
Yredelemnul
Zin

Shops:
D:11 ?   D:13 [!?:?   Orc:1 =   Orc:2 *:?=*[   Elf:1 ==:   Elf:2 ?   Elf:3 [((
Depths:3 *

Portals:
Hell: Depths:1 Depths:2 Depths:3 Depths:4
Abyss: Depths:2 Depths:3 Depths:4
Pandemonium: Depths:1 Depths:2
Ziggurat: Depths:3*


Innate Abilities, Weirdness & Mutations

You have very sharp teeth.
Your uncanny sense of smell can sniff out nearby items.
Your experience applies equally to all skills.
You have a pair of small antennae on your head.


Message History

You climb upwards.
There is a stone staircase leading down here.
There is an open door here.
There is a stone staircase leading up here.
You climb upwards.
There is a stone staircase leading down here.
A reaper comes into view. It is wielding a +1 scythe.
Casting: Polar Vortex (mildly dangerous; 1% risk of failure)
Confirm with . or Enter, or press ? or * to list all spells.
Aiming: Fire Storm (mildly dangerous; 1% risk of failure)
Press: ? - help, Dir - move target You feel a surge of power!
A raging storm of fire appears!
The great blast of fire engulfs the reaper!!!!
You kill the reaper!
Cheibriados thoroughly appreciates the change of pace.
There is an open door here.
(D) Dungeon (T) Temple (L) Lair (A) Shoals (N) Spider Nest (M) Slime Pits (O) Orcish Mines (E) Elven Halls (V) Vaults (C) Crypt (W) Tomb (U) Depths (H) Hell (I) Dis (G) Gehenna (X) Cocytus (Y) Tartarus (Z) Zot
Where to? (Enter - D:1 @ (x,y), ? - help) Magic restored.
There is a stone staircase leading up here.
You climb upwards.
There is a stone staircase leading down here.
A hellion comes into view.
Casting: Fire Storm (mildly dangerous; 1% risk of failure)
Confirm with . or Enter, or press ? or * to list all spells.
Aiming: Fire Storm (mildly dangerous; 1% risk of failure)
Press: ? - help, Dir - move target You feel a surge of power!
A raging storm of fire appears!
The tree burns like a torch!
The great blast of fire engulfs the hellion!!!!
You kill the hellion!
Cheibriados thoroughly appreciates the change of pace.
There is a staircase leading out of the dungeon here.
You start waiting.
The forest fire spreads!
You have escaped!

.......#.####§§§.......##....# #
.........☼#§§§.♣.♣♣#...##....####
########..§.§♣.♣♣..♣§§...........
.......##.#§§♣♣☼♣♣♣♣§.§######....
#####......♣♣☼°8.8.§♣§§##.......#
.......#.##.♣♣8...8♣♣§○§#........
#...#......♣.8○.∩..8§♣♣.#.......#
..........♣.8.......8♣..###.....#
........#.♣♣..∩.@.∩...♣.# #......
#####.#.#...8.☼○.(..8.♣.# #......
#.......#.♣♣♣8..∩.§8§♣☼§# #####..
#.#.....#.#♣..8...8§§§#.#########
#.#..#.##.#☼♣♣♣8.8☼○♣§#....#.....
#[...#....#☼.♣♣..♣♣♣§§####......#
.....#######♣..♣...♣♣#######....#
##...# ##♣♣.♣♣#......#####).
#...# #...#.........[...


There were no monsters in sight!

Vanquished Creatures
  the Royal Jelly (Slime:5)
  The ghost of Piash the Metallomancer, a master OgEE of Gozag (Zig:24)
  The ghost of Piash the Metallomancer, a master OgEE of Gozag (Zig:24)
  The ghost of Piash the Metallomancer, a master OgEE of Gozag (Zig:8)
  The ghost of Poalor the Merry Gnoll, a legendary GnWn of Qazlal (Zig:24)
  24 pandemonium lords
  The ghost of Neapotai the Annihilator, a veteran DsMo of Ru (Zig:24)
  The ghost of Jiheses the Archmage, a legendary DEAE of Vehumet (Zig:24)
  The ghost of Jiheses the Archmage, a legendary DEAE of Vehumet (Zig:24)
  The ghost of Jiheses the Archmage, a legendary DEAE of Vehumet (Zig:24)
  The ghost of Jiheses the Archmage, a legendary DEAE of Vehumet (Zig:23)
  The ghost of Fafaadel the Archmage, a legendary DECj of Vehumet (Zig:23)
  The ghost of Fafaadel the Archmage, a legendary DECj of Vehumet (Zig:8)
  The ghost of Has Pue the Sorcerer, a legendary FoFi of Vehumet (Zig:24)
  The ghost of Betuluewk the Archmage, a legendary DESu of Vehumet (Zig:24)
  The ghost of Betuluewk the Archmage, a legendary DESu of Vehumet (Zig:24)
  The ghost of Betuluewk the Archmage, a legendary DESu of Vehumet (Zig:8)
  The ghost of Sayfri the Cloud Mage, a legendary DrTm of Cheibriados (Zig:23)
  The ghost of Zycouta the Cloud Mage, a legendary DrTm of Cheibriados (Zig:24)
  The ghost of Zycouta the Cloud Mage, a legendary DrTm of Cheibriados (Zig:24)
  The ghost of Sayfri the Cloud Mage, a legendary DrTm of Cheibriados (Zig:24)
  The ghost of Sayfri the Cloud Mage, a legendary DrTm of Cheibriados (Zig:24)
  The ghost of Yllipt the Phalangite, a legendary GnWr of Cheibriados (Zig:24)
  46 dread liches
  8 orbs of fire (Zot:5)
  Mara (Depths:1)
  The ghost of jazmu the Sorcerer, a legendary GrHs of Sif Muna (Zig:23)
  The ghost of Tefur the Slayer, a legendary GnFi of Cheibriados (Zig:23)
  The ghost of Jataj the Bringer of Light, a legendary GrFi of the Shining One (Zig:24)
  The ghost of Qatt the Omniscient, a legendary GnWn of Ashenzari (Zig:24)
  The ghost of Qatt the Omniscient, a legendary GnWn of Ashenzari (Zig:24)
  48 ancient liches
  18 juggernauts
  The ghost of Armakuni the Impregnable, a legendary HuMo of the Shining One (Zig:8)
  The ghost of Diylu the Necromancer, a veteran DsCj of Gozag (Zig:24)
  The ghost of Diylu the Necromancer, a veteran DsCj of Gozag (Zig:24)
  32 royal mummies
  20 Killer Klowns
  Parghit (Zot:4)
  47 caustic shrikes
  8 shard shrikes
  Xtahua (Vaults:3)
  The ghost of Qokuxyre the Slayer, a veteran DrSu of Gozag (Depths:4)
  Margery (Vaults:2)
  Saint Roka (Depths:1)
  The ghost of Hiz Mun the Phalangite, a veteran MfGl of Yredelemnul (Zig:24)
  53 golden dragons
  6 curse toes
  Geryon (Hell)
  32 bone dragons
  24 profane servitors
  Nikola (Elf:2)
  Arachne (Spider:3)
  18 pearl dragons (Zig:26)
  19 electric golems
  20 Brimstone Fiends
  10 iron giants
  50 tentacled monstrosities
  11 Tzitzimimeh
  5 doom hounds
  13 Hell Sentinels
  24 Orb Guardians (Zot:5)
  61 hellephants
  A walking crystal tome (Depths:2)
  5 tainted leviathans (Zig:11)
  60 deep elf master archers
  26 liches
  21 Ice Fiends
  Mlioglotl (Spider:1)
  A quicksilver dragon (shapeshifter) (Zig:23)
  47 titans
  Asterion (Spider:4)
  A walking frostbound tome (Depths:3)
  107 acid blobs
  16 quicksilver dragons
  46 searing wretches
  69 deep elf blademasters
  Polyphemus (Shoals:2)
  12 Executioners
  13 death cobs
  2 sphinxes (shapeshifter) (Zig:23)
  22 sphinxes
  Gastronok (Orc:1)
  3 krakens
  2 thorn hunters
  6 tentacled starspawn
  78 ancient champions
  Roxanne (Shoals:3)
  Kirke (Spider:1)
  20 tengu reavers
  13 draconian monks
  74 revenants
  23 shadow dragons
  15 demonspawn warmongers
  Ilsuiw (Shoals:2)
  2 shadow dragons (shapeshifter) (Zig:23)
  35 azure jellies
  10 draconian knights
  3 fenstrider witches
  98 nagarajas
  28 storm dragons
  A fire giant (shapeshifter) (Zig:23)
  40 rockslimes
  36 emperor scorpions
  12 fire giants
  Donald (Spider:4)
  13 narguns
  63 balrugs
  15 daevas (Zig:26)
  6 iron dragons
  11 quicksilver elementals
  18 frost giants
  12 angels
  4 draconian shifters
  17 deep elf sorcerers
  19 vault wardens
  3 draconian scorchers
  Aizul (Spider:4)
  58 ghost moths
  A juggernaut zombie (Tomb:1)
  Louise (Spider:1)
  8 deep elf elementalists
  The ghost of Sermion the Bludgeoner, a journeyman AtBe of Trog (Elf:3)
  A caustic shrike zombie (Crypt:1)
  3 draconian stormcallers
  99 orc warlords
  A ghost moth (shapeshifter) (Zig:25)
  19 cacodemons
  The ghost of HoaS the Marksant, a journeyman FoHu of Zin (Lair:5)
  65 curse skulls
  63 stone giants
  3 draconian annihilators
  2 spriggan defenders
  12 ophanim (Zig:26)
  8 ghouls
  A quicksilver ooze (shapeshifter) (Zig:25)
  10 broodmothers
  14 demonspawn corrupters
  10 ironbound thunderhulks
  14 war gargoyles
  50 very ugly things
  27 ironbound preservers
  28 reapers
  5 demonspawn blood saints
  An eleionoma (shapeshifter) (Zig:23)
  34 quicksilver oozes
  69 deep elf demonologists
  8 green draconians
  12 bennus
  3 eleionomae (Zig:21)
  11 lorocyprocas
  28 demonspawn black suns
  14 apis (Zig:26)
  Azrael (Orc:2)
  49 vampire knights
  79 deep elf annihilators
  7 putrid mouths (Zig:11)
  7 purple draconians
  A minotaur (shapeshifter) (Zig:23)
  12 white draconians
  12 yellow draconians
  42 dire elephants
  6 wendigos
  5 bunyips
  11 red draconians
  4 iron golems
  20 blizzard demons
  29 spark wasps
  16 black draconians
  62 eidola
  24 ettins
  25 merfolk impalers
  3 crystal guardians
  25 mummy priests
  45 entropy weavers
  15 jiangshi
  31 deep elf death magi
  7 shambling mangroves (Zig:21)
  27 yaktaur captains
  An entropy weaver (shapeshifter) (Zig:19)
  64 deep elf high priests
  34 merfolk javelineers
  7 fire dragons
  A fire dragon (shapeshifter) (Zig:25)
  14 green deaths
  2 fenstrider witch zombies
  26 great orbs of eyes
  10 ice dragons
  Erolcha (Orc:1)
  5 rakshasas
  2 spriggan zombies (Tomb:2)
  18 hell beasts
  90 salamander tyrants
  A peacekeeper (Vaults:3)
  35 vault guards
  13 spriggan air magi
  26 catoblepae
  10 merfolk avatars
  10 ogre magi
  72 hydras
  A spriggan skeleton (Tomb:1)
  9 ghost crabs
  15 radroaches
  16 boulder beetles
  3 death knights
  4 stokers
  A bennu zombie (Crypt:1)
  8 centaur warriors
  14 anacondas
  38 merfolk aquamancers
  13 ironbound frosthearts
  5 jorogumos
  2 satyrs
  2 anacondas (shapeshifter)
  13 alligator snapping turtles
  5 alligators (Zig:21)
  49 vampire magi
  2 radroaches (shapeshifter)
  129 dancing weapons
  11 tengu warriors
  71 death scarabs
  A two-headed ogre (shapeshifter) (Zig:9)
  A death yak (shapeshifter) (Zig:23)
  29 two-headed ogres
  2 deep troll shamans (Depths:2)
  25 death yaks
  5 spriggan berserkers
  21 naga warriors
  A titan zombie (Crypt:3)
  11 deep troll earth magi
  9 hell hogs
  8 thrashing horrors
  20 sun demons
  35 naga sharpshooters
  Sonja (Orc:1)
  81 deep elf knights
  35 shock serpents
  26 soul eaters
  13 salamander mystics
  Nergalle (Orc:1)
  101 orc high priests
  5 crystal echidnas
  A fire crab (shapeshifter) (Zig:9)
  4 wretched stars
  18 skysharks
  27 hell knights
  23 shadow wraiths
  3 spriggans
  43 iron trolls
  9 sun moths
  7 sixfirhies
  2 iron trolls (shapeshifter) (Zig:23)
  14 cherubim (Zig:26)
  A fire crab (Zig:20)
  A golden dragon zombie (Tomb:3)
  26 sea snakes
  2 anaconda zombies (Hell)
  33 pharaoh ants
  A deep troll (shapeshifter) (Zig:16)
  27 skeletal warriors
  2 spatial maelstroms
  31 spriggan druids
  2 sea snakes (shapeshifter)
  57 deep trolls
  A kraken simulacrum (Hell)
  4 death drakes (shapeshifter)
  4 goliath frogs
  67 deep elf archers
  8 glowing orange brains
  11 naga ritualists
  2 orb spiders (shapeshifter)
  A glowing orange brain (shapeshifter) (Vaults:3)
  28 flayed ghosts
  17 swamp dragons
  6 death drakes (Zig:21)
  5 shadow demons
  9 orange crystal statues
  A swamp dragon (shapeshifter) (Zig:23)
  38 orb spiders
  3 obsidian statues
  23 harpies
  A spriggan simulacrum (Zig:13)
  2 anaconda skeletons (Hell)
  A steelbarb worm (shapeshifter) (Zig:27)
  A bunyip skeleton (Crypt:3)
  38 phantasmal warriors
  8 wizards
  18 ironbound convokers
  26 steelbarb worms
  18 necromancers
  2 lindwurms (shapeshifter)
  22 lindwurms
  A sphinx zombie (Crypt:3)
  7 wolf spider zombies (Spider:3)
  45 wolf spiders
  118 deep elf zephyrmancers
  A mana viper (shapeshifter) (Zig:27)
  39 orc knights
  102 deep elf pyromancers
  A faun (shapeshifter) (Depths:2)
  11 mana vipers
  A shadow dragon skeleton (Tomb:2)
  38 ugly things
  79 orc sorcerers
  A cyclops (shapeshifter) (Zig:16)
  12 salamanders
  15 shining eyes
  A shining eye (shapeshifter) (Zig:17)
  47 oklob plants
  100 moths of wrath
  A naga zombie (Tomb:1)
  A glowing shapeshifter (Vaults:4)
  10 fauns
  6 will-o-the-wisps
  Maurice (Orc:1)
  34 manticores
  A centaur zombie (Crypt:1)
  17 merfolk sirens
  A fire giant skeleton (Crypt:1)
  A salamander (shapeshifter) (Zig:5)
  27 vault sentinels
  30 naga magi
  11 cyclopes
  42 water nymphs
  28 guardian serpents
  15 elephants
  6 rust devils
  2 guardian serpents (shapeshifter)
  107 black mambas
  12 eyes of devastation
  10 ice statues
  8 apocalypse crabs
  6 gargoyles
  11 smoke demons
  2 elf zombies
  An alligator snapping turtle zombie (Crypt:2)
  A dire elephant skeleton (Tomb:3)
  3 eyes of devastation (shapeshifter)
  2 torpor snails (shapeshifter)
  A water nymph (shapeshifter) (Zig:23)
  A sea snake zombie (Crypt:3)
  2 centaur skeletons
  24 demonic crawlers
  A rime drake (shapeshifter) (Zig:19)
  A cane toad (shapeshifter) (Vaults:1)
  43 cane toads
  16 hellions
  4 orange demons
  2 unseen horrors (shapeshifter)
  46 komodo dragons
  A grey draconian zombie (Crypt:3)
  52 torpor snails
  18 rime drakes
  25 tormentors
  7 freezing wraiths
  31 yaktaurs
  4 yaktaurs (shapeshifter)
  10 redback zombies (Spider:3)
  5 tengu conjurers
  2 efreet
  An anaconda simulacrum (Hell)
  A sea snake skeleton (Hell)
  2 hydra zombies (Hell)
  38 guardian mummies
  A spectral human (Zig:11)
  18 polar bears
  2 grey draconian skeletons
  4 ice devils
  68 merfolk
  51 trolls
  4 human skeletons
  4 ancient zymes
  5 red devils
  2 harpy zombies
  15 meliai
  2 queen bees (Lair:5)
  2 tyrant leeches (shapeshifter) (Zig:19)
  3 bloated husks
  An elf skeleton (Vaults:1)
  A polar bear (shapeshifter) (Zig:23)
  10 hellwings
  2 merfolk (shapeshifter)
  A mana viper skeleton (Crypt:2)
  A tyrant leech (Zig:5)
  15 wind drakes
  A blink frog (shapeshifter) (Depths:1)
  4 tarantellas (shapeshifter)
  15 hornets
  An ice dragon zombie (Crypt:3)
  19 dream sheep
  A harpy skeleton (Crypt:1)
  12 raiju
  44 tarantellas
  20 snapping turtles
  15 blink frogs
  A jumping spider zombie (Crypt:3)
  A dream sheep (shapeshifter) (Zig:26)
  7 tarantella zombies (Spider:3)
  4 culicivora zombies (Spider:3)
  39 jumping spiders
  A slime creature (shapeshifter) (Zig:27)
  2 snapping turtles (shapeshifter)
  30 culicivoras
  21 flying skulls
  4 jumping spiders (shapeshifter)
  A deep troll skeleton (Vaults:1)
  186 slime creatures
  An ettin skeleton (Tomb:3)
  An ice dragon skeleton (Crypt:1)
  43 air elementals
  A centaur simulacrum (D:14)
  4 shadows
  6 wraiths
  20 wyverns
  2 ynoxinuls
  8 ushabtiu
  A culicivora (shapeshifter) (Zig:18)
  5 hogs (shapeshifter)
  4 hogs (Spider:1)
  A human (shapeshifter) (Vaults:5)
  12 basilisks
  4 fire bats (Abyss:2)
  56 yaks
  2 vampires
  56 water elementals
  An alligator snapping turtle simulacrum (Crypt:1)
  2 basilisks (shapeshifter)
  5 chaos spawn
  17 golden eyes
  A human (Spider:1)
  30 fire elementals
  7 vampire mosquitoes
  5 neqoxecs
  A tyrant leech zombie (Crypt:2)
  4 small abominations (Abyss:2)
  3 redbacks (shapeshifter)
  47 wargs
  79 redbacks
  62 water moccasins
  18 nagas
  2 swamp worms (shapeshifter)
  A deep troll zombie (Tomb:2)
  A spatial vortex (Abyss:3)
  A hydra simulacrum (Hell)
  2 acid dragons
  A demonspawn skeleton (Abyss:2)
  19 large abominations
  2 glowing shapeshifter skeletons
  A cane toad zombie (Crypt:1)
  3 hell hounds (Orc:2)
  5 floating eyes
  245 orc warriors
  4 floating eyes (shapeshifter)
  3 swamp drakes
  9 ice beasts
  3 sky beasts
  A sky beast (shapeshifter) (Zig:23)
  A hornet zombie (Crypt:2)
  An ettin simulacrum (Tomb:1)
  6 black bears
  A black bear (shapeshifter) (D:13)
  146 ogres
  6 boggarts
  A manticore skeleton (Crypt:1)
  6 wolves
  4 centaurs
  A phantom (D:6)
  2 kobold brigands
  2 human zombies (Vaults:1)
  6 bullfrogs
  3 gnoll sergeants
  5 necrophages
  29 earth elementals
  2 glowing shapeshifter simulacra (Zig:13)
  A scorpion (D:4)
  A human simulacrum (Vaults:1)
  A cyclops skeleton (Crypt:1)
  12 wights
  A raiju zombie (Crypt:2)
  A warg skeleton (Crypt:1)
  24 killer bees
  4 lindwurm simulacra (IceCv)
  2 electric eels (D:14)
  A howler monkey (D:4)
  4 komodo dragon simulacra (IceCv)
  2 jellies
  46 orc priests
  23 starcursed masses
  4 gnoll boudas
  10 hell rats
  3 iguanas
  51 orc wizards
  A sleepcap (D:7)
  A statue (D:4)
  46 mummies
  Robin (D:3)
  5 acid dragon simulacra (IceCv)
  5 adders
  20 gnolls
  2 shadow imps
  16 white imps
  An ufetubus (Vaults:1)
  8 steam dragon simulacra (IceCv)
  An adder skeleton (Crypt:3)
  A worm (D:4)
  3 dart slugs
  66 orcs
  A bat skeleton (Crypt:2)
  7 endoplasms
  6 giant cockroaches
  18 goblins
  8 hobgoblins
  5 jackals
  15 kobolds
  5 quokkas
  3 ball pythons
  8 bats
  3 frilled lizards
  A goblin zombie (Crypt:1)
  A kobold skeleton (Crypt:3)
  2 kobold zombies (D:5)
  2 orc zombies (D:5)
  10 rats
  15 briar patches (Zig:15)
  A bush (D:7)
  46 fire vortices
  13 plants
  4 starspawn tentacles (Zig:12)
  8 tentacles
8587 creatures vanquished.

Vanquished Creatures (collateral kills)
  A demonspawn corrupter (Zig:16)
  A moth of wrath (Zot:5)
  An ice beast (Zig:5)
3 creatures vanquished.

Vanquished Creatures (others)
  The ghost of Piash the Metallomancer, a master OgEE of Gozag (Zig:24)
  The ghost of Neapotai the Annihilator, a veteran DsMo of Ru (Zig:24)
  The ghost of Jiheses the Archmage, a legendary DEAE of Vehumet (Zig:24)
  The ghost of Has Pue the Sorcerer, a legendary FoFi of Vehumet (Zig:24)
  The ghost of Has Pue the Sorcerer, a legendary FoFi of Vehumet (Zig:24)
  The ghost of Yllipt the Phalangite, a legendary GnWr of Cheibriados (Zig:24)
  The ghost of Tefur the Slayer, a legendary GnFi of Cheibriados (Zig:24)
  The ghost of Qatt the Omniscient, a legendary GnWn of Ashenzari (Zig:24)
  The ghost of Hahenefa the Sensei, a legendary DsWn of Uskayaw (Zig:23)
  The ghost of Diylu the Necromancer, a veteran DsCj of Gozag (Zig:24)
  The ghost of WhatIsLove the Warrior, a veteran DjCj of Uskayaw (Zig:23)
  2 curse toes (Zig:23)
  The ghost of Hiz Mun the Phalangite, a veteran MfGl of Yredelemnul (Zig:23)
  2 pandemonium lords (Zig:23)
  A golden dragon (Zig:21)
  A hellephant (Zig:17)
  An Orb Guardian (Zot:5)
  A sphinx (Zig:19)
  An eldritch tentacle (Zig:24)
  A storm dragon (Zot:2)
  4 shadow dragons
  2 revenants (Zig:24)
  A nagaraja (Zig:21)
  A rockslime (Zig:27)
  5 curse skulls (Zig:24)
  A cacodemon (Zig:12)
  A war gargoyle (Zig:13)
  A very ugly thing (Zig:23)
  2 green draconians (Zot:2)
  A deep elf annihilator (Zig:26)
  A lorocyproca (Zig:22)
  2 eidola
  A deep elf death mage (Zig:8)
  A deep elf high priest (Zig:19)
  A hell beast (Zig:22)
  A vault guard (Vaults:3)
  An ogre mage (Zig:13)
  2 ghost crabs
  A catoblepas (Shoals:2)
  2 merfolk aquamancers
  An alligator (Zig:21)
  A death yak (Zig:25)
  3 dancing weapons
  3 deep elf knights
  A deep troll (Vaults:4)
  2 bog bodies
  A deep elf archer (Elf:3)
  A shadow demon (Zig:7)
  5 deep elf zephyrmancers
  2 phantasmal warriors
  2 deep elf pyromancers
  A moth of wrath (Zot:2)
  A rust devil (Hell)
  A rime drake (Zig:25)
  A tormentor (Zig:14)
  A hornet (Zig:21)
  A merfolk (Shoals:4)
  A dream sheep (Zig:17)
  A yak (Lair:5)
  A fire elemental (Zig:26)
  A human (Spider:1)
  A basilisk (Zig:17)
  A neqoxec (Zig:7)
  A hell hound (Orc:2)
  An orc warrior (Zig:25)
  A swamp drake (Zig:21)
  An orc wizard (Zig:25)
  3 ball lightnings (Zig:22)
  2 briar patches (Zig:15)
  40 fire vortices
  2 foxfires (Zig:21)
  32 fungi
  176 plants
  6 starspawn tentacles
  14 tentacles
  4 withered plants (Depths:1)
371 creatures vanquished.

Grand Total: 8961 creatures vanquished

Notes
Turn   | Place    | Note
-------+----------+-------------------------------------------
     0 | D:1      | Xtruder99 the Gnoll Fighter began the quest for the Orb.
     0 | D:1      | Reached XP level 1. HP: 23/23 MP: 1/1
    64 | D:1      | Reached XP level 2. HP: 25/29 MP: 2/2
   348 | D:1      | Reached XP level 3. HP: 35/35 MP: 3/3
   652 | D:2      | Found a radiant altar of Vehumet.
   735 | D:2      | Reached skill level 1 in Invocations
   839 | D:2      | Reached skill level 1 in Short Blades
   839 | D:2      | Reached skill level 1 in Long Blades
   839 | D:2      | Reached skill level 1 in Maces & Flails
   839 | D:2      | Reached skill level 1 in Polearms
   839 | D:2      | Reached skill level 1 in Staves
   839 | D:2      | Reached skill level 1 in Ranged Weapons
   839 | D:2      | Reached skill level 1 in Throwing
   839 | D:2      | Reached skill level 1 in Dodging
   839 | D:2      | Reached skill level 1 in Stealth
   839 | D:2      | Reached skill level 1 in Unarmed Combat
   839 | D:2      | Reached skill level 1 in Spellcasting
   839 | D:2      | Reached skill level 1 in Evocations
   980 | D:2      | Reached XP level 4. HP: 41/41 MP: 5/5
  1164 | D:2      | Learned a level 2 spell: Wereblood
  1412 | D:3      | Reached skill level 1 in Conjurations
  1412 | D:3      | Reached skill level 1 in Hexes
  1412 | D:3      | Reached skill level 1 in Summonings
  1412 | D:3      | Reached skill level 1 in Necromancy
  1412 | D:3      | Reached skill level 1 in Translocations
  1412 | D:3      | Reached skill level 1 in Transmutations
  1412 | D:3      | Reached skill level 1 in Fire Magic
  1412 | D:3      | Reached skill level 1 in Ice Magic
  1412 | D:3      | Reached skill level 1 in Air Magic
  1412 | D:3      | Reached skill level 1 in Earth Magic
  1412 | D:3      | Reached skill level 1 in Poison Magic
  1750 | D:3      | Found a bloodstained altar of Trog.
  1750 | D:3      | Found a shadowy altar of Dithmenos.
  1750 | D:3      | Found a glowing silver altar of Zin.
  1754 | D:3      | Found a blossoming altar of Fedhas.
  1755 | D:3      | Found a stormy altar of Qazlal.
  1757 | D:3      | Found a snail-covered altar of Cheibriados.
  1766 | D:3      | Became a worshipper of Cheibriados the Contemplative
  2002 | D:4      | Reached XP level 5. HP: 39/47 MP: 7/7
  2344 | D:3      | Identified the +2 helmet "Waegoton" {Regen+ Int+4 SInv}
  2344 | D:3      | Noticed Robin
  2363 | D:3      | Reached * piety under Cheibriados
  2378 | D:3      | Killed Robin
  3094 | D:4      | Reached XP level 6. HP: 53/53 MP: 8/8
  3186 | D:4      | Reached ** piety under Cheibriados
  3398 | D:4      | Found a radiant altar of Vehumet.
  3488 | D:4      | Reached skill level 5 in Axes
  3641 | D:4      | Learned a level 3 spell: Ignite Poison
  3665 | D:5      | Entered Level 5 of the Dungeon
  3783 | D:5      | Reached XP level 7. HP: 51/60 MP: 10/10
  4513 | D:6      | Found a hazy altar of Hepliaklqana.
  4589 | D:6      | Reached XP level 8. HP: 67/67 MP: 12/12
  5342 | D:6      | Reached *** piety under Cheibriados
  5396 | D:7      | Found a staircase to the Ecumenical Temple.
  5425 | Temple   | Entered the Ecumenical Temple
  5469 | D:7      | Found a sacrificial altar of Ru.
  5589 | D:7      | Reached XP level 9. HP: 73/73 MP: 14/14
  5751 | D:7      | Found a white marble altar of Elyvilon.
  5929 | D:7      | Found a broken altar of Ashenzari.
  5929 | D:7      | Found an ornate altar of the Wu Jian Council.
  6522 | D:8      | Reached skill level 5 in Invocations
  6559 | D:8      | Reached **** piety under Cheibriados
  6577 | D:8      | Found an iron altar of Okawaru.
  6841 | D:8      | Reached skill level 5 in Short Blades
  6841 | D:8      | Reached skill level 5 in Long Blades
  6841 | D:8      | Reached skill level 5 in Maces & Flails
  6841 | D:8      | Reached skill level 5 in Polearms
  6841 | D:8      | Reached skill level 5 in Staves
  6841 | D:8      | Reached skill level 5 in Ranged Weapons
  6841 | D:8      | Reached skill level 5 in Throwing
  6841 | D:8      | Reached skill level 5 in Dodging
  6841 | D:8      | Reached skill level 5 in Stealth
  6841 | D:8      | Reached skill level 5 in Unarmed Combat
  6841 | D:8      | Reached skill level 5 in Spellcasting
  6841 | D:8      | Reached skill level 5 in Evocations
  6841 | D:8      | Reached XP level 10. HP: 81/81 MP: 17/17
  7560 | D:9      | Reached ***** piety under Cheibriados
  7633 | D:9      | Noticed a two-headed ogre
  7640 | D:9      | Killed a two-headed ogre
  7676 | D:9      | Found a staircase to the Orcish Mines.
  7705 | D:9      | Found a shimmering altar of Xom.
  7721 | D:9      | Learned a level 6 spell: Statue Form
  7727 | D:9      | Learned a level 5 spell: Freezing Cloud
  7731 | D:9      | Learned a level 3 spell: Ozocubu's Armour
  8008 | D:10     | Entered Level 10 of the Dungeon
  8132 | D:10     | Noticed a gargoyle
  8141 | D:10     | Killed a gargoyle
  8250 | D:10     | Reached skill level 5 in Conjurations
  8250 | D:10     | Reached skill level 5 in Hexes
  8250 | D:10     | Reached skill level 5 in Summonings
  8250 | D:10     | Reached skill level 5 in Necromancy
  8250 | D:10     | Reached skill level 5 in Translocations
  8250 | D:10     | Reached skill level 5 in Transmutations
  8250 | D:10     | Reached skill level 5 in Fire Magic
  8250 | D:10     | Reached skill level 5 in Ice Magic
  8250 | D:10     | Reached skill level 5 in Air Magic
  8250 | D:10     | Reached skill level 5 in Earth Magic
  8250 | D:10     | Reached skill level 5 in Poison Magic
  8306 | D:10     | Found the +2 pair of slick slippers {slick, slippery, EV+5}
  8306 | D:10     | Noticed a two-headed ogre
  8313 | D:10     | Killed a two-headed ogre
  8314 | D:10     | Reached XP level 11. HP: 89/89 MP: 20/20
  8575 | D:10     | Noticed a two-headed ogre
  8586 | D:10     | Killed a two-headed ogre
  8990 | D:11     | Found a staircase to the Lair.
  9003 | D:11     | Noticed a two-headed ogre
  9016 | D:11     | Killed a two-headed ogre
  9166 | D:11     | Found Husmum Ciuq's Magic Scroll Shoppe.
  9215 | D:11     | Bought a scroll of magic mapping for 105 gold pieces
  9215 | D:11     | Bought a scroll of enchant weapon for 105 gold pieces
  9385 | D:11     | Noticed a deep elf zephyrmancer
  9391 | D:11     | Killed a deep elf zephyrmancer
  9426 | D:11     | Learned a level 4 spell: Manifold Assault
  9561 | Lair:1   | Entered Level 1 of the Lair of Beasts
  9716 | Lair:1   | Reached XP level 12. HP: 84/97 MP: 14/22
 10838 | Lair:2   | Reached ****** piety under Cheibriados
 10841 | Lair:2   | Reached skill level 10 in Fighting
 10841 | Lair:2   | Reached skill level 10 in Armour
 10841 | Lair:2   | Reached skill level 10 in Shields
 10957 | Lair:2   | Found a hole to the Spider Nest.
 10989 | Lair:2   | Identified a scroll of acquirement
 10989 | Lair:2   | Acquired the +2 pair of gloves of the Sunfish {rC- rN++
                  | rCorr}
 11005 | Lair:2   | Noticed an eight-headed hydra
 11012 | Lair:2   | Killed an eight-headed hydra
 11119 | Lair:2   | Found a staircase to the Shoals.
 11300 | Lair:2   | Found a sparkling altar of Nemelex Xobeh.
 11341 | Lair:2   | You fall into a shaft and drop 2 floors!
 12217 | Lair:2   | Reached XP level 13. HP: 104/104 MP: 21/25
 13256 | Lair:5   | Entered Level 5 of the Lair of Beasts
 13858 | Lair:5   | Learned a level 4 spell: Airstrike
 13929 | Lair:5   | Found a staircase to the Slime Pits.
 13939 | Lair:5   | Found a transporter.
 13939 | Lair:5   | Found a transporter.
 13941 | Lair:5   | Noticed HoaS's ghost (journeyman FoHu)
 13985 | Lair:5   | Reached skill level 10 in Axes
 14085 | Lair:5   | Killed HoaS's ghost
 14181 | Lair:5   | Identified the +8 demon blade "Momimer Bena" {elec, rN+++
                  | Will- Str+6 Int+3}
 14336 | Lair:5   | Reached skill level 10 in Invocations
 14336 | Lair:5   | Reached XP level 14. HP: 90/113 MP: 17/27
 15294 | Lair:5   | Identified the staff of earth "Wenk" {rF+ Int+3}
 16406 | D:13     | Found Xoonnu's Magic Scroll Shoppe.
 16454 | D:13     | Found a gate to the Vaults.
 16638 | D:13     | Found Coapt's Magic Scroll Emporium.
 16641 | D:13     | Found Xiarph's Armour Emporium.
 16805 | D:13     | Found Kusmu's Distillery.
 16818 | D:13     | Found Zafu's Book Boutique.
 17189 | Orc:1    | Entered Level 1 of the Orcish Mines
 17189 | Orc:1    | Noticed Nergalle
 17195 | Orc:1    | Killed Nergalle
 17288 | Orc:1    | Noticed Maurice
 17295 | Orc:1    | Killed Maurice
 17412 | Orc:1    | Noticed Erolcha
 17415 | Orc:1    | Killed Erolcha
 17416 | Orc:1    | Reached skill level 10 in Short Blades
 17416 | Orc:1    | Reached skill level 10 in Long Blades
 17416 | Orc:1    | Reached skill level 10 in Maces & Flails
 17416 | Orc:1    | Reached skill level 10 in Polearms
 17416 | Orc:1    | Reached skill level 10 in Staves
 17416 | Orc:1    | Reached skill level 10 in Ranged Weapons
 17416 | Orc:1    | Reached skill level 10 in Throwing
 17416 | Orc:1    | Reached skill level 10 in Dodging
 17416 | Orc:1    | Reached skill level 10 in Stealth
 17416 | Orc:1    | Reached skill level 10 in Unarmed Combat
 17416 | Orc:1    | Reached skill level 10 in Spellcasting
 17416 | Orc:1    | Reached skill level 10 in Evocations
 17505 | Orc:1    | Found Hulimm's Jewellery Emporium.
 17620 | Orc:2    | Entered Level 2 of the Orcish Mines
 17659 | Orc:2    | Noticed Azrael
 17670 | Orc:2    | Killed Azrael
 17671 | Orc:2    | Reached XP level 15. HP: 61/120 MP: 4/29
 17767 | Orc:2    | Found Vaco's Gadget Gallery.
 17891 | Orc:2    | Found a frozen archway.
 17923 | IceCv    | Entered an ice cave
 17944 | IceCv    | Learned a level 5 spell: Lee's Rapid Deconstruction
 18288 | IceCv    | Identified the staff of poison "Miakyu Qupo" {rElec rPois
                  | rN+ rCorr Str+6}
 19236 | IceCv    | Identified the ring of Hizisu {Will+++ MP+9 Int-2 Dex+4}
 19494 | Orc:2    | Found a staircase to the Elven Halls.
 19537 | Orc:2    | Found Epuir's Magic Scroll Shoppe.
 19537 | Orc:2    | Found Fumen's Assorted Antiques.
 19537 | Orc:2    | Found Zoossubb's Jewellery Boutique.
 19537 | Orc:2    | Found Zimushud's Book Shoppe.
 19663 | Orc:2    | Found Jaxorchod's Armour Emporium.
 20013 | Orc:1    | Noticed Gastronok
 20055 | Orc:1    | Killed Gastronok
 20120 | Orc:1    | Noticed Sonja
 20124 | Orc:1    | Killed Sonja
 20304 | Orc:2    | Bought a pair of embroidered gloves for 307 gold pieces
 21127 | D:14     | Found a portal to a secret trove of treasure.
 21203 | D:13     | Bought a scroll of fog for 48 gold pieces
 21238 | D:13     | Bought a scroll of fog for 64 gold pieces
 21314 | D:14     | You paid a toll of 6 scrolls of fog to enter a treasure
                  | trove
 21315 | Trove    | Entered a treasure trove
 21317 | Trove    | Found a bloodstained altar of Trog.
 21375 | Trove    | Found the +8 Vampire's Tooth {megavamp}
 21379 | Trove    | Identified the +11 trident "Kudasim" {antimagic, rPois
                  | Str-5 Int+3 Stlth+}
 21510 | D:14     | Found a sparkling altar of Nemelex Xobeh.
 21655 | D:15     | Entered Level 15 of the Dungeon
 22373 | D:15     | Reached XP level 16. HP: 129/129 MP: 30/30
 22821 | D:15     | Found a staircase to the Depths.
 23044 | D:15     | Upgraded the game from 0.30-a0-949-g53dc5368d7 to
                  | 0.30-a0-953-g5f1da4a474
 23161 | D:15     | Learned a level 7 spell: Ozocubu's Refrigeration
 23347 | Spider:1 | Entered Level 1 of the Spider Nest
 23595 | Spider:1 | Noticed Mlioglotl
 23605 | Spider:1 | Killed Mlioglotl
 24491 | Spider:1 | Noticed Louise
 24512 | Spider:1 | Killed Louise
 24760 | Spider:1 | Learned a level 2 spell: Blink
 24977 | Spider:1 | Noticed Kirke
 25003 | Spider:1 | Killed Kirke
 25136 | Spider:1 | Upgraded the game from 0.30-a0-953-g5f1da4a474 to
                  | 0.30-a0-956-gcec3b41aec
 26526 | Spider:3 | Reached XP level 17. HP: 137/137 MP: 32/32
 26606 | Spider:3 | Reached skill level 10 in Conjurations
 26606 | Spider:3 | Reached skill level 10 in Hexes
 26606 | Spider:3 | Reached skill level 10 in Summonings
 26606 | Spider:3 | Reached skill level 10 in Necromancy
 26606 | Spider:3 | Reached skill level 10 in Translocations
 26606 | Spider:3 | Reached skill level 10 in Transmutations
 26606 | Spider:3 | Reached skill level 10 in Fire Magic
 26606 | Spider:3 | Reached skill level 10 in Ice Magic
 26606 | Spider:3 | Reached skill level 10 in Air Magic
 26606 | Spider:3 | Reached skill level 10 in Earth Magic
 26606 | Spider:3 | Reached skill level 10 in Poison Magic
 26619 | Spider:3 | Upgraded the game from 0.30-a0-956-gcec3b41aec to
                  | 0.30-a0-964-gd452b5e7fa
 26742 | Spider:4 | Entered Level 4 of the Spider Nest
 27401 | Spider:4 | Got the Lessons on Orogeny and the Geodesic
 27412 | Spider:4 | Noticed Donald
 27689 | Spider:4 | Killed Donald
 28091 | Spider:3 | Noticed Arachne
 28103 | Spider:3 | Killed Arachne
 28545 | Spider:4 | Noticed Asterion
 28924 | Spider:4 | Noticed Aizul
 28937 | Spider:4 | Killed Aizul
 29101 | Spider:4 | Killed Asterion
 30521 | Spider:4 | Reached XP level 18. HP: 133/145 MP: 34/34
 30727 | Spider:4 | Got a gossamer rune of Zot
 30728 | Spider:4 | Identified the +2 hat of the Swan {rC+}
 31255 | Shoals:1 | Entered Level 1 of the Shoals
 31378 | Orc:1    | Bought the ring "Wihoor" {Fly rCorr Str+4} for 500 gold
                  | pieces
 32700 | Shoals:2 | Noticed Polyphemus
 32720 | Shoals:2 | Killed Polyphemus
 32879 | Shoals:2 | Noticed Ilsuiw
 32913 | Shoals:2 | Killed Ilsuiw
 32916 | Shoals:2 | Got the Compendium of the Familiar Mortuary
 33640 | Shoals:3 | Identified Roxanne's Almanac of Reformation
 33640 | Shoals:3 | Noticed Roxanne
 33645 | Shoals:3 | Killed Roxanne
 33663 | Shoals:4 | Entered Level 4 of the Shoals
 34635 | Shoals:4 | Paralysed by an air elemental for 1 turns
 34664 | Shoals:4 | Acquired 815 gold pieces
 35034 | Shoals:4 | Paralysed by an air elemental for 1 turns
 35077 | Shoals:4 | Reached XP level 19. HP: 153/153 MP: 30/36
 35208 | Shoals:4 | Got a barnacled rune of Zot
 35219 | Shoals:4 | Identified the -1 helmet "Xiadoqet" {rC- Will+++ Int+3}
 35400 | Shoals:4 | Paralysed by an air elemental for 1 turns
 35455 | Shoals:4 | Paralysed by an air elemental for 1 turns
 35889 | Vaults:1 | Entered Level 1 of the Vaults
 36406 | Vaults:1 | Noticed a tentacled monstrosity
 36415 | Vaults:1 | Killed a tentacled monstrosity
 36502 | Vaults:1 | Reached skill level 15 in Fighting
 36502 | Vaults:1 | Reached skill level 15 in Armour
 36502 | Vaults:1 | Reached skill level 15 in Shields
 36966 | Vaults:1 | Found a huge runed gate.
 36966 | Vaults:1 | Found a huge runed gate.
 36966 | Vaults:1 | Found a huge runed gate.
 36966 | Vaults:1 | Found a huge runed gate.
 36966 | Vaults:1 | Found a huge runed gate.
 36966 | Vaults:1 | Found a huge runed gate.
 36966 | Vaults:1 | Found a huge runed gate.
 36966 | Vaults:1 | Found a huge runed gate.
 36968 | Vaults:1 | Found a huge runed gate.
 36968 | Vaults:1 | Found a huge runed gate.
 36968 | Vaults:1 | Found a huge runed gate.
 37179 | Vaults:1 | Found a huge runed gate.
 37181 | Vaults:1 | Found a huge runed gate.
 37181 | Vaults:1 | Found a huge runed gate.
 37189 | Vaults:1 | Found a huge runed gate.
 37189 | Vaults:1 | Found a huge runed gate.
 37189 | Vaults:1 | Found a huge runed gate.
 37189 | Vaults:1 | Found a huge runed gate.
 37189 | Vaults:1 | Found a huge runed gate.
 37189 | Vaults:1 | Found a huge runed gate.
 37190 | Vaults:1 | Found a huge runed gate.
 37191 | Vaults:1 | Found a huge runed gate.
 37192 | Vaults:1 | Found a huge runed gate.
 37200 | Vaults:1 | Found a huge runed gate.
 37200 | Vaults:1 | Found a huge runed gate.
 37200 | Vaults:1 | Found a huge runed gate.
 37200 | Vaults:1 | Found a huge runed gate.
 37200 | Vaults:1 | Found a huge runed gate.
 37200 | Vaults:1 | Found a huge runed gate.
 37201 | Vaults:1 | Found a huge runed gate.
 37202 | Vaults:1 | Found a huge runed gate.
 37203 | Vaults:1 | Found a huge runed gate.
 37211 | Vaults:1 | Found a huge runed gate.
 37211 | Vaults:1 | Found a huge runed gate.
 37211 | Vaults:1 | Found a huge runed gate.
 37257 | Vaults:1 | Reached skill level 15 in Invocations
 37386 | Vaults:1 | Identified the +1 plate armour of Patterns {Str+2 Dex+3}
 37424 | Vaults:1 | Upgraded the game from 0.30-a0-964-gd452b5e7fa to
                  | 0.30-a0-972-gf3ab3527aa
 37492 | Vaults:2 | Noticed Margery
 37499 | Vaults:2 | Killed Margery
 37500 | Vaults:2 | Reached XP level 20. HP: 162/162 MP: 29/37
 38857 | Vaults:3 | Noticed Xtahua
 39147 | Vaults:3 | Reached skill level 15 in Axes
 39483 | Vaults:3 | Found a staircase to the Crypt.
 40323 | Vaults:3 | Killed Xtahua
 40821 | Orc:2    | Bought a wand of digging (6) for 352 gold pieces
 40821 | Orc:2    | Bought a wand of digging (6) for 352 gold pieces
 41301 | Vaults:4 | Reached XP level 21. HP: 170/170 MP: 39/39
 41751 | Vaults:4 | Identified the +2 cloak "Kusmuom" {Drain Str+5 SInv Stlth+}
 42164 | Vaults:4 | Reached skill level 15 in Short Blades
 42164 | Vaults:4 | Reached skill level 15 in Long Blades
 42164 | Vaults:4 | Reached skill level 15 in Maces & Flails
 42164 | Vaults:4 | Reached skill level 15 in Polearms
 42164 | Vaults:4 | Reached skill level 15 in Staves
 42164 | Vaults:4 | Reached skill level 15 in Ranged Weapons
 42164 | Vaults:4 | Reached skill level 15 in Throwing
 42164 | Vaults:4 | Reached skill level 15 in Dodging
 42164 | Vaults:4 | Reached skill level 15 in Stealth
 42164 | Vaults:4 | Reached skill level 15 in Unarmed Combat
 42164 | Vaults:4 | Reached skill level 15 in Spellcasting
 42164 | Vaults:4 | Reached skill level 15 in Evocations
 42816 | Elf:1    | Entered Level 1 of the Elven Halls
 43640 | Elf:1    | Found Zibosiwi's Book Emporium.
 43640 | Elf:1    | Found Mexuf Ilola's Jewellery Shop.
 43641 | Elf:1    | Found Detil's Jewellery Shop.
 43774 | Elf:1    | Got the Tractate on Bruises and Summoning
 43972 | Elf:2    | Found Ufualiti's Magic Scroll Shop.
 43988 | Elf:2    | Bought 3 scrolls of brand weapon for 427 gold pieces
 44278 | Elf:2    | Reached XP level 22. HP: 178/178 MP: 41/41
 44411 | Elf:2    | Found a runed translucent gate.
 44412 | Elf:2    | Found a runed translucent gate.
 44412 | Elf:2    | Found a runed translucent gate.
 44467 | Abyss:2  | Cast into level 2 of the Abyss (+3 trident of distortion)
 44549 | Abyss:2  | Found a corrupted altar of Lugonu.
 45016 | Abyss:3  | Found a corrupted altar of Lugonu.
 45115 | Elf:2    | Escaped the Abyss
 45731 | Elf:2    | Noticed Nikola
 45738 | Elf:2    | Killed Nikola
 46037 | Elf:3    | Entered Level 3 of the Elven Halls
 46057 | Elf:3    | Reached skill level 15 in Earth Magic
 46083 | Elf:3    | Found Reefayc's Weapon Emporium.
 46083 | Elf:3    | Found Mynaleap's Antique Weapon Shoppe.
 46116 | Elf:3    | Bought a glowing broad axe for 259 gold pieces
 46260 | Elf:3    | Found Suqen's Armour Emporium.
 46356 | Elf:3    | Found Jarus's Weapon Shoppe.
 46433 | Elf:3    | Found a runed translucent gate.
 46433 | Elf:3    | Found a runed translucent gate.
 46433 | Elf:3    | Found a runed translucent gate.
 46443 | Elf:3    | Noticed Sermion's ghost (journeyman AtBe)
 46794 | Elf:3    | Gained mutation: You are frail. (-10% HP) [mutagenic glow]
 46803 | Elf:3    | Killed Sermion's ghost
 46805 | Elf:3    | Gained mutation: Your mind is acute. (Int +4, Str/Dex -1)
                  | [mutagenic glow]
 46818 | Elf:3    | Gained mutation: You are weak. (Str -2) [mutagenic glow]
 46823 | Elf:3    | Identified the +0 cloak of Repulsion {Rampage}
 46900 | Elf:3    | Lost mutation: You are weak. (Str -2) [potion of mutation]
 46900 | Elf:3    | Lost mutation: Your mind is acute. (Int +4, Str/Dex -1)
                  | [potion of mutation]
 46900 | Elf:3    | Gained mutation: You are occasionally teleported next to
                  | monsters. [potion of mutation]
 46900 | Elf:3    | Gained mutation: Your magical capacity is low. (-10% MP)
                  | [potion of mutation]
 46900 | Elf:3    | Gained mutation: You expend magic power (3 MP) to
                  | strengthen your wands. [potion of mutation]
 46901 | Elf:3    | Lost mutation: Your magical capacity is low. (-10% MP)
                  | [potion of mutation]
 46901 | Elf:3    | Lost mutation: You are frail. (-10% HP) [potion of
                  | mutation]
 46901 | Elf:3    | Gained mutation: Your muscles are strong. (Str +4, Int/Dex
                  | -1) [potion of mutation]
 46901 | Elf:3    | Gained mutation: Your system is resistant to poisons.
                  | (rPois) [potion of mutation]
 46902 | Elf:3    | Lost mutation: You expend magic power (3 MP) to strengthen
                  | your wands. [potion of mutation]
 46902 | Elf:3    | Lost mutation: You are occasionally teleported next to
                  | monsters. [potion of mutation]
 46902 | Elf:3    | Gained mutation: You expend magic power (3 MP) to
                  | strengthen your wands. [potion of mutation]
 46902 | Elf:3    | Gained mutation: Your magical capacity is low. (-10% MP)
                  | [potion of mutation]
 47039 | Elf:3    | Identified the +8 dagger "Ykiviw" {freeze, rF+}
 47210 | Elf:3    | Identified the +2 long sword "Weboillo" {flame, Fly Stlth+}
 47220 | Elf:3    | Identified the +5 quarterstaff of Precise Incision {pain,
                  | Will+ rCorr Dex+4}
 47388 | Elf:3    | Reached XP level 23. HP: 187/188 MP: 38/38
 47514 | Elf:3    | Identified the +8 sling of Wariness {drain, Will+}
 47523 | Elf:3    | Identified the staff of death "Zeem" {rC++ rN+ Int+4}
 47526 | Elf:3    | Got the Folio of Wounds
 47584 | Elf:3    | Identified the staff of cold "Fobam" {rC+ rN+ rCorr Str-3
                  | Stlth+}
 47663 | Elf:3    | Got the Elucidation of the Summoned Birds
 48079 | Depths:1 | Entered Level 1 of the Depths
 48103 | Depths:1 | Found a one-way gate leading to the halls of Pandemonium.
 48141 | Depths:1 | Found a gateway to Hell.
 48185 | Depths:1 | Found a basalt altar of Yredelemnul.
 48462 | Depths:1 | Noticed Mara
 48464 | Depths:1 | Noticed Xtruder99's illusion
 48479 | Depths:1 | Killed Mara
 48635 | Depths:1 | Noticed Saint Roka
 48652 | Depths:1 | Killed Saint Roka
 49023 | Depths:1 | Learned a level 8 spell: Necromutation
 49444 | Depths:2 | Found a one-way gate to the infinite horrors of the Abyss.
 49739 | Depths:2 | Noticed a juggernaut
 49748 | Depths:2 | Killed a juggernaut
 49763 | Depths:2 | Noticed a caustic shrike
 49771 | Depths:2 | Paralysed by a floating eye for 4 turns
 49776 | Depths:2 | Killed a caustic shrike
 50497 | Depths:3 | Found a one-way gateway to a ziggurat.
 50897 | Depths:3 | Reached XP level 24. HP: 199/199 MP: 39/39
 50993 | Depths:3 | Found Degigeikont's General Store.
 51304 | Depths:3 | Found a shimmering blue altar of Sif Muna.
 51514 | Depths:3 | Learned a level 8 spell: Ignition
 51525 | Depths:4 | Entered Level 4 of the Depths
 51858 | Depths:4 | HP: 7/200 [spriggan air mage/the air (22)]
 52290 | Depths:4 | Found a gate to the Realm of Zot.
 52373 | Depths:4 | Noticed a juggernaut
 52381 | Depths:4 | Killed a juggernaut
 53404 | Slime:1  | Entered Level 1 of the Pits of Slime
 53429 | Slime:1  | Gained mutation: You are vulnerable to heat. (rF-) [a
                  | shining eye]
 55442 | Slime:3  | Reached XP level 25. HP: 209/209 MP: 7/39
 55850 | Slime:5  | Entered Level 5 of the Pits of Slime
 56575 | Vaults:2 | Acquired the ring of Plog {rElec rC- rN+ Will+ Int+3}
 56691 | Vaults:5 | Entered Level 5 of the Vaults
 57168 | Vaults:4 | Reached skill level 15 in Conjurations
 57168 | Vaults:4 | Reached skill level 15 in Hexes
 57168 | Vaults:4 | Reached skill level 15 in Summonings
 57168 | Vaults:4 | Reached skill level 15 in Necromancy
 57168 | Vaults:4 | Reached skill level 15 in Translocations
 57168 | Vaults:4 | Reached skill level 15 in Transmutations
 57168 | Vaults:4 | Reached skill level 15 in Fire Magic
 57168 | Vaults:4 | Reached skill level 15 in Ice Magic
 57168 | Vaults:4 | Reached skill level 15 in Air Magic
 57168 | Vaults:4 | Reached skill level 15 in Poison Magic
 57347 | Vaults:5 | Noticed an ancient lich
 57363 | Vaults:4 | Killed an ancient lich
 57422 | Vaults:5 | Paralysed by a floating eye for 2 turns
 57564 | Vaults:5 | Noticed an ancient lich
 57574 | Vaults:4 | Killed an ancient lich
 58052 | Vaults:5 | Identified the ring of Qiep {rElec rPois MP+9 Str+6 Stlth-}
 58463 | Vaults:5 | Got Sulooz's Textbook on the Deep Freeze
 58468 | Vaults:5 | Got Adatid's Octavo of Formation
 58470 | Vaults:5 | Identified the staff of death "Hionaoce" {rN+ Str+2}
 58471 | Vaults:5 | Identified the staff of death "Poufaom" {rN+ Int+10}
 58811 | Vaults:5 | Got a silver rune of Zot
 59035 | Vaults:5 | Identified the amulet "Dexacsaitz" {Reflect rC+ Str+4 SH+5}
 59165 | Vaults:5 | Identified the +9 rapier of the Extremes {flame, rElec rN+
                  | Int+5 Stlth-}
 59225 | Vaults:5 | Identified the staff of earth "Bothrunko" {Int+2}
 59247 | Vaults:5 | Identified the +12 chain mail of Peek-a-Boo {rF- Int+2
                  | Dex+2 Slay+4}
 59251 | Vaults:5 | Got the Incunabulum of the Sparrow
 60516 | Slime:5  | Gained mutation: Your spells are a little easier to cast,
                  | but a little less powerful. [a shining eye]
 60516 | Slime:5  | Gained mutation: You are dopey. (Int -2) [a shining eye]
 60518 | Slime:5  | Gained mutation: Your magical capacity is very low. (-20%
                  | MP) [a shining eye]
 60836 | Slime:5  | Reached XP level 26. HP: 220/220 MP: 18/35
 61139 | Slime:5  | Noticed the Royal Jelly
 61149 | Slime:5  | Killed the Royal Jelly
 61266 | Slime:5  | Identified the ring "Hitaqeso" {Ice rElec Str+5}
 61298 | Slime:5  | Identified the +6 scimitar "Jessuil" {pain, *Rage rElec
                  | rPois Will+}
 61323 | Slime:5  | Got a slimy rune of Zot
 61325 | Slime:5  | Identified the +10 short sword of Wounding {vamp, rCorr}
 61333 | Slime:5  | Identified the staff of poison "Meujaej" {rPois rC- rN+
                  | Str+3}
 61370 | Slime:5  | Identified the ring of Goiseergh {rN+ Str+5}
 61842 | Crypt:1  | Entered Level 1 of the Crypt
 61877 | Crypt:1  | Learned a level 2 spell: Passwall
 61912 | Crypt:1  | Learned a level 8 spell: Lehudib's Crystal Spear
 62273 | Crypt:1  | Found the ring of the Mage {Wiz Archmagi}
 63280 | Crypt:1  | You fall into a shaft and drop 1 floor!
 64322 | Crypt:3  | Entered Level 3 of the Crypt
 64654 | Crypt:3  | Noticed an ancient lich
 64654 | Crypt:3  | Noticed a dread lich
 64868 | Crypt:3  | Found a staircase to the Tomb.
 65119 | Crypt:3  | Killed an ancient lich
 65120 | Crypt:3  | Killed a dread lich
 65186 | Crypt:3  | Noticed an ancient lich
 65191 | Crypt:3  | Killed an ancient lich
 65209 | Crypt:3  | Got the Octavo of the Decaying Sixfirhy
 65223 | Crypt:3  | Identified the +7 scale mail of the Clean God {Str+2}
 65869 | Hell     | Entered the Vestibule of Hell
 65869 | Hell     | Noticed Geryon
 66039 | Hell     | Killed Geryon
 66593 | Hell     | Reached XP level 27. HP: 231/231 MP: 36/36
 66848 | Hell     | Found a gateway to the Iron City of Dis.
 66884 | Hell     | Found a gateway to the ashen valley of Gehenna.
 66920 | Hell     | Found a gateway to the decaying netherworld of Tartarus.
 67094 | Hell     | Found a gateway to the freezing wastes of Cocytus.
 67349 | D:13     | Bought a scroll of amnesia for 64 gold pieces
 67415 | D:11     | Bought a scroll of amnesia for 56 gold pieces
 67632 | Elf:2    | Bought a scroll of amnesia for 60 gold pieces
 67648 | Elf:2    | Learned a level 9 spell: Shatter
 68487 | Vaults:2 | Lost mutation: Your magical capacity is very low. (-20% MP)
                  | [potion of mutation]
 68487 | Vaults:2 | Lost mutation: Your magical capacity is low. (-10% MP)
                  | [potion of mutation]
 68487 | Vaults:2 | Lost mutation: Your system is resistant to poisons. (rPois)
                  | [potion of mutation]
 68487 | Vaults:2 | Lost mutation: Your spells are a little easier to cast, but
                  | a little less powerful. [potion of mutation]
 68487 | Vaults:2 | Gained mutation: You are partially covered in iridescent
                  | scales. (AC +2) [potion of mutation]
 68488 | Vaults:2 | Lost mutation: You are vulnerable to heat. (rF-) [potion of
                  | mutation]
 68488 | Vaults:2 | Lost mutation: You are dopey. (Int -2) [potion of mutation]
 68488 | Vaults:2 | Gained mutation: You sometimes lose your temper in combat.
                  | [potion of mutation]
 68488 | Vaults:2 | Gained mutation: You are robust. (+10% HP) [potion of
                  | mutation]
 68489 | Vaults:2 | Lost mutation: Your muscles are strong. (Str +4, Int/Dex
                  | -1) [potion of mutation]
 68489 | Vaults:2 | Lost mutation: You expend magic power (3 MP) to strengthen
                  | your wands. [potion of mutation]
 68489 | Vaults:2 | Gained mutation: Potions are less effective at restoring
                  | your health. [potion of mutation]
 68489 | Vaults:2 | Gained mutation: You have hidden genetic defects. [potion
                  | of mutation]
 68490 | Vaults:2 | Lost mutation: You sometimes lose your temper in combat.
                  | [potion of mutation]
 68490 | Vaults:2 | Lost mutation: You are robust. (+10% HP) [potion of
                  | mutation]
 68490 | Vaults:2 | Lost mutation: Potions are less effective at restoring your
                  | health. [potion of mutation]
 68490 | Vaults:2 | Gained mutation: You have large cloven feet. [potion of
                  | mutation]
 68490 | Vaults:2 | Gained mutation: Armour fits poorly on your strangely
                  | shaped body. [potion of mutation]
 68490 | Vaults:2 | Gained mutation: You expend magic power (3 MP) to
                  | strengthen your wands. [potion of mutation]
 68885 | Zot:1    | Entered Level 1 of the Realm of Zot
 68887 | Zot:1    | Noticed Qokuxyre's ghost (veteran DrSu)
 68887 | Zot:1    | Found a shimmering altar of Xom.
 68919 | Depths:4 | Killed Qokuxyre's ghost
 69058 | Zot:1    | Identified the +0 robe of Uscheygo {Harm}
 69935 | Depths:3 | Upgraded the game from 0.30-a0-972-gf3ab3527aa to
                  | 0.30-a0-986-g7f2e898f52
 69956 | Zig:1    | Entered Level 1 of a ziggurat
 69995 | Zig:2    | Entered Level 2 of a ziggurat
 70060 | Zig:3    | Entered Level 3 of a ziggurat
 70092 | Zig:3    | Lost mutation: Armour fits poorly on your strangely shaped
                  | body. [potion of mutation]
 70092 | Zig:3    | Lost mutation: You have large cloven feet. [potion of
                  | mutation]
 70092 | Zig:3    | Gained mutation: You have sharp fingernails. [potion of
                  | mutation]
 70092 | Zig:3    | Gained mutation: You passively map a small area around you.
                  | [potion of mutation]
 70092 | Zig:3    | Gained mutation: You occasionally lose the ability to read
                  | scrolls when taking damage. [potion of mutation]
 70092 | Zig:3    | Gained mutation: Your natural rate of healing is unusually
                  | fast. [potion of mutation]
 70096 | Zig:4    | Entered Level 4 of a ziggurat
 70099 | Zig:4    | Found the +10 zealot's sword {holy, Zealotry, *Rage rN+
                  | EV+3}
 70110 | Zig:4    | Identified the +1 short sword "Ypsohes" {protect, rElec
                  | Int-3 SInv Stlth+}
 70133 | Zig:5    | Entered Level 5 of a ziggurat
 70145 | Zig:5    | Identified the +5 mace "Elei" {freeze, Int+9}
 70148 | Zig:5    | Identified the +5 mace of Defiance {heavy, Will+}
 70163 | Zig:6    | Entered Level 6 of a ziggurat
 70167 | Zig:6    | Noticed a juggernaut
 70179 | Zig:6    | Killed a juggernaut
 70209 | Zig:6    | Identified the +5 eveningstar "Bifuolet" {drain, rElec
                  | rPois Str-3}
 70247 | Zig:6    | Identified the +3 spear of Moups {freeze, rN+ Str+3 Int-3}
 70248 | Zig:6    | Identified the ring of Dishonour {Fly Str+5 Int-4 Dex+4}
 70257 | Zig:7    | Entered Level 7 of a ziggurat
 70274 | Zig:7    | Gained mutation: You are weak. (Str -2) [hidden defects]
 70284 | Zig:7    | Identified the +9 rapier of the Mushroom {vamp, rPois
                  | Int+3}
 70320 | Zig:8    | Entered Level 8 of a ziggurat
 70327 | Zig:8    | Found the +3 giant club "Skullcrusher" {speed, Str+7}
 70383 | Zig:8    | Lost mutation: Your natural rate of healing is unusually
                  | fast. [potion of mutation]
 70383 | Zig:8    | Lost mutation: You passively map a small area around you.
                  | [potion of mutation]
 70383 | Zig:8    | Gained mutation: You have very sharp fingernails. [potion
                  | of mutation]
 70391 | Zig:9    | Entered Level 9 of a ziggurat
 70519 | Zig:9    | Identified the +7 quarterstaff "Qoul" {antimagic, rPois
                  | Dex+5}
 70539 | Zig:9    | Identified the +5 short sword of the Leaping Gods {venom,
                  | rF- Str+3 Stlth+}
 70575 | Zig:9    | Lost mutation: You are weak. (Str -2) [potion of mutation]
 70575 | Zig:9    | Lost mutation: You occasionally lose the ability to read
                  | scrolls when taking damage. [potion of mutation]
 70575 | Zig:9    | Gained mutation: You occasionally shout uncontrollably at
                  | your foes. [potion of mutation]
 70575 | Zig:9    | Gained mutation: You are mostly covered in iridescent
                  | scales. (AC +4) [potion of mutation]
 70575 | Zig:9    | Gained mutation: Your mind is acute. (Int +4, Str/Dex -1)
                  | [potion of mutation]
 70580 | Zig:10   | Entered Level 10 of a ziggurat
 70590 | Zig:10   | Found the +5 woodcutter's axe
 70714 | Zig:10   | Identified the +4 battleaxe of Igreittule {flame, Int+5
                  | Dex+4}
 70716 | Zig:10   | Got the Anthology of the Prime Retinue
 70771 | Zig:11   | Entered Level 11 of a ziggurat
 70782 | Zig:11   | Noticed Wydikk the pandemonium lord
 70795 | Zig:11   | Killed Wydikk the pandemonium lord
 70820 | Zig:11   | Identified the +0 swamp dragon scales of the Five Gods
                  | {rPois Int+4}
 70847 | Zig:11   | Acquired the +1 pair of boots "Icri" {rF+ Str+3 Dex+3}
 70876 | Zig:12   | Entered Level 12 of a ziggurat
 71005 | Zig:13   | Entered Level 13 of a ziggurat
 71031 | Zig:13   | Gained mutation: You are clumsy. (Dex -2) [hidden defects]
 71244 | Zig:13   | Identified the staff of poison "Ekha Ril" {rPois rN+ Will+
                  | rCorr Str+2}
 71247 | Zig:13   | Identified the +8 shortbow "Killer Klown's Doom" {flame,
                  | rC+ Int+5}
 71250 | Zig:13   | Identified the +1 leather armour of the Blue Moon {*Slow
                  | rN+ Str+3}
 71316 | Zig:14   | Entered Level 14 of a ziggurat
 71323 | Zig:14   | Noticed a juggernaut
 71328 | Zig:14   | Noticed a juggernaut
 71330 | Zig:14   | Noticed a juggernaut
 71332 | Zig:14   | Killed a juggernaut
 71332 | Zig:14   | Killed a juggernaut
 71333 | Zig:14   | Killed a juggernaut
 71352 | Zig:14   | Identified the +7 rapier of Zieluf Ereja {drain, rF+}
 71451 | Zig:15   | Entered Level 15 of a ziggurat
 71455 | Zig:15   | Paralysed by an air elemental for 1 turns
 71485 | Zig:15   | Gained mutation: Your body sometimes deteriorates upon
                  | taking damage. [hidden defects]
 71485 | Zig:15   | Lost mutation: You have hidden genetic defects. [hidden
                  | defects expressed]
 71657 | Zig:15   | Identified the +6 sling "Lenwexur" {speed, rElec MP+9 Str-2
                  | Dex+6}
 71667 | Zig:15   | Got Xausud's Codex of Venin and Mustering
 71668 | Zig:15   | Identified the staff of fire "Abbash" {rElec rF+ rN+}
 71672 | Zig:15   | Got the Vademecum on Dark Summoning
 71705 | Zig:16   | Entered Level 16 of a ziggurat
 71798 | Zig:16   | Identified the amulet of Teint {Faith rF- rC+ Will+++
                  | Int+2}
 71812 | Zig:16   | Identified the +12 chain mail "Xitaqu" {Harm Str-2 Int+2}
 71817 | Zig:16   | Got the Essays on Anemomancy
 71876 | Zig:17   | Entered Level 17 of a ziggurat
 72050 | Zig:17   | Identified the +0 robe of the Lich-sworn {rN++ Int+2}
 72055 | Zig:17   | Identified the amulet "Cockor" {RegenMP rPois Dex-5 SInv}
 72060 | Zig:17   | Identified the amulet "Pekybbalin" {Reflect rN+ Str+5 SH+5}
 72067 | Zig:17   | Identified the amulet of Vafaimud {Faith Harm *Slow Str+3}
 72072 | Zig:17   | Identified the amulet of Dunluom {Reflect rN+ rCorr Int+3
                  | SH+5}
 72153 | Zig:17   | Lost mutation: You are mostly covered in iridescent scales.
                  | (AC +4) [potion of mutation]
 72153 | Zig:17   | Lost mutation: Your mind is acute. (Int +4, Str/Dex -1)
                  | [potion of mutation]
 72153 | Zig:17   | Gained mutation: You are frail. (-10% HP) [potion of
                  | mutation]
 72153 | Zig:17   | Gained mutation: You are strong-willed. (Will+) [potion of
                  | mutation]
 72154 | Zig:17   | Lost mutation: You expend magic power (3 MP) to strengthen
                  | your wands. [potion of mutation]
 72154 | Zig:17   | Lost mutation: You are clumsy. (Dex -2) [potion of
                  | mutation]
 72154 | Zig:17   | Gained mutation: You have hidden genetic potential. [potion
                  | of mutation]
 72159 | Zig:18   | Entered Level 18 of a ziggurat
 72185 | Zig:18   | Found the ring of Shadows {Umbra +Inv Stlth+}
 72194 | Zig:18   | Identified the ring of the Townfolk {Ice rElec}
 72200 | Zig:18   | Identified the staff of conjuration "Luerph" {Str+3}
 72214 | Zig:18   | Identified the staff of cold "Vukh" {rPois rC+ Dex+6}
 72219 | Zig:18   | Identified the +1 dagger of War {freeze, *Rage rC+ Stlth+}
 72239 | Zig:19   | Entered Level 19 of a ziggurat
 72264 | Zig:19   | Found the +5 Lochaber axe {reach-cleave, Poleaxe Drain}
 72401 | Zig:19   | Identified the staff of death "Meef" {rElec rN+ Str+6}
 72404 | Zig:19   | Identified the +1 pair of gloves "Utoub" {rPois Str+5
                  | Dex-4}
 72416 | Zig:19   | Got the Book of the Valley and Gases
 72427 | Zig:19   | Identified the +7 falchion of Gehenna {vamp, rF+ rC+ Dex+2}
 72519 | Zig:20   | Entered Level 20 of a ziggurat
 72688 | Zig:20   | Identified the +3 rapier of Inquiry {flame, rC++ Str+3
                  | Dex+4}
 72699 | Zig:20   | Identified the staff of earth "Fuxzunn" {Will+}
 72700 | Zig:20   | Identified the staff of earth "Wahierus" {rC- rN+ rCorr
                  | Stlth+}
 72707 | Zig:20   | Identified the +0 quarterstaff "Vabogh" {heavy, Str+2
                  | Int+5}
 72712 | Zig:20   | Identified the +1 robe of the Maze {*Slow Str+2 Int+2}
 72792 | Zig:20   | Upgraded the game from 0.30-a0-986-g7f2e898f52 to
                  | 0.30-a0-989-g0d87f670db
 72816 | Zig:20   | Learned a level 2 spell: Sublimation of Blood
 72826 | Zig:20   | Learned a level 9 spell: Polar Vortex
 72840 | Zig:21   | Entered Level 21 of a ziggurat
 73006 | Zig:21   | Found the +7 mace of Variability {chaos, chain chaos}
 73006 | Zig:21   | Found the +13 scythe of Curses {drain, curses, Drain}
 73012 | Zig:21   | Identified the staff of cold "Perhuegi" {rC+ Will+ Int+3}
 73014 | Zig:21   | Identified the +3 trident of Sunlight {protect, Will- Str+2
                  | Dex+3}
 73018 | Zig:21   | Identified the staff of fire "Exatist" {rPois rF+ Int-5
                  | Dex+2}
 73020 | Zig:21   | Identified the staff of conjuration "Joplud" {rElec Stlth+}
 73024 | Zig:21   | Identified the +3 shortbow of Refas {flame, rF+ Str+3
                  | Int+3}
 73168 | Zig:22   | Entered Level 22 of a ziggurat
 73197 | Zig:22   | Gained mutation: You are agile. (Dex +4, Str/Int -1)
                  | [hidden potential]
 73203 | Zig:22   | Found the -2 hat of the Alchemist {rElec rPois rF+ rC+ rN+
                  | Will+ rMut rCorr}
 73203 | Zig:22   | Found the +3 salamander hide armour {Flames, rFlCloud rF++
                  | rC--}
 73311 | Zig:22   | Identified the staff of cold "Loakop" {rC+ Dex+3}
 73312 | Zig:22   | Identified the +2 glaive of Heapaeloly {elec, rPois rN+
                  | Str+2 SInv}
 73316 | Zig:22   | Identified the +2 sling of Psychosis {freeze, Fly rElec
                  | Int+4}
 73317 | Zig:22   | Identified the staff of earth "Evvifyr" {rPois rF- Dex+6
                  | Stlth+}
 73319 | Zig:22   | Identified the +0 pair of boots "Xenao" {*Slow rPois Int+8
                  | Dex+3}
 73327 | Zig:22   | Identified the ring of Azoz {Ice rPois}
 73345 | Zig:22   | Identified the +2 helmet of Qeod {rPois rCorr Str-4 Dex+2}
 73465 | Zig:23   | Entered Level 23 of a ziggurat
 73478 | Zig:23   | Noticed Jiheses's ghost (legendary DEAE)
 73484 | Zig:23   | Noticed jazmu's ghost (legendary GrHs)
 73484 | Zig:23   | Killed Jiheses's ghost
 73484 | Zig:23   | Noticed WhatIsLove's ghost (veteran DjCj)
 73484 | Zig:23   | Noticed Sayfri's ghost (legendary DrTm)
 73484 | Zig:23   | Noticed Hiz Mun's ghost (veteran MfGl)
 73484 | Zig:23   | Noticed Tefur's ghost (legendary GnFi)
 73485 | Zig:23   | Noticed Hahenefa's ghost (legendary DsWn)
 73485 | Zig:23   | Noticed Fafaadel's ghost (legendary DECj)
 73489 | Zig:23   | Killed WhatIsLove's ghost
 73490 | Zig:23   | Killed Hahenefa's ghost
 73490 | Zig:23   | Killed Hiz Mun's ghost
 73493 | Zig:23   | Killed Tefur's ghost
 73495 | Zig:23   | Killed Fafaadel's ghost
 73497 | Zig:23   | Killed jazmu's ghost
 73518 | Zig:23   | Killed Sayfri's ghost
 73701 | Zig:23   | Identified the ring of Qukih {rElec rC++ Dex+6}
 73718 | Zig:23   | Identified the +6 shortbow of Fushor {heavy, rPois Int+3}
 73817 | Zig:23   | Acquired 600 gold pieces
 73849 | Zig:24   | Entered Level 24 of a ziggurat
 73878 | Zig:24   | Identified the +9 rapier of Darkness {flame, rPois Dex+3}
 73888 | Zig:24   | Identified the amulet of Propriety {Reflect rElec SH+5}
 73895 | Zig:24   | Identified the +9 arbalest of Quantum Leap {freeze, rElec
                  | rPois rC- rCorr}
 73899 | Zig:24   | Identified the +1 rapier "Eptec" {antimagic, *Noise Fly rC-
                  | Dex+6}
 73980 | Zig:25   | Entered Level 25 of a ziggurat
 73987 | Zig:25   | Noticed a dread lich
 73991 | Zig:25   | Killed a dread lich
 73997 | Zig:25   | Noticed an ancient lich
 74001 | Zig:25   | Gained mutation: You have large cloven feet. [hidden
                  | potential]
 74001 | Zig:25   | Lost mutation: You have hidden genetic potential. [hidden
                  | potential expressed]
 74006 | Zig:25   | Killed an ancient lich
 74016 | Zig:25   | Identified the staff of air "Xuuxef" {rElec rF+ Will+
                  | Str+2}
 74021 | Zig:25   | Identified the ring "Iladed" {+Blink rC+ Will+}
 74041 | Zig:25   | Got the Codex of Algor and Transformation
 74043 | Zig:25   | Identified the staff of cold "Teeffog" {rElec rC+ MP+9
                  | Stlth+}
 74047 | Zig:25   | Identified the +1 arbalest of a treasure trove {heavy, rF+
                  | Str-2 Int+9 Dex-4}
 74113 | Zig:25   | Learned a level 9 spell: Fire Storm
 74278 | Zig:26   | Entered Level 26 of a ziggurat
 74289 | Zig:26   | Reached skill level 27 in Fighting
 74294 | Zig:26   | Identified the staff of earth "Nirisuw" {rF+ Will+ Dex+3}
 74298 | Zig:26   | Identified the +5 hand axe "Uwesy" {holy, *Rage rPois Will+
                  | Int+4}
 74410 | Zig:26   | Identified the amulet of Gywek {Spirit Stlth+}
 74411 | Zig:26   | Identified the ring "Newuk" {Fly rF+ AC+4 Str+2 Slay+3}
 74416 | Zig:26   | Identified the +1 lajatang of the Eel {flame, Fly Int+2}
 74421 | Zig:26   | Identified the staff of poison "Jorhefar" {rPois rN+ rCorr}
 74426 | Zig:26   | Identified the staff of death "Cisod" {rN+ Will+ rCorr
                  | Int+4 SInv Stlth-}
 74432 | Zig:26   | Identified the +2 falchion "Oteoxeiss" {freeze, Fly rC+
                  | Dex+2 Stlth-}
 74594 | Zig:27   | Entered Level 27 of a ziggurat
 74624 | Zig:27   | Identified the +9 quarterstaff "Yfrest" {vamp, +Blink
                  | Dex+3}
 74687 | Zig:27   | Identified the ring "Rut Fym" {Fly Dex+3}
 74695 | Zig:27   | Identified the +5 glaive "Vuyd" {flame, Will- Int+5}
 74696 | Zig:27   | Identified the ring of Darkness {rF+ rC- rCorr Str+4}
 74711 | Zig:27   | Identified the staff of cold "Relusups" {rC+ rN+}
 74722 | Zig:27   | Identified the +1 swamp dragon scales "Ostischo" {rPois
                  | Str+4}
 74724 | Zig:27   | Identified the +3 chain mail "Otianac" {rPois rF+++ rC+
                  | Dex-5}
 74735 | Zig:27   | Identified the staff of death "Otasekki" {*Slow rPois rC+
                  | rN+ Stlth+}
 75586 | Zig:1    | Entered Level 1 of a ziggurat
 75640 | Zig:2    | Entered Level 2 of a ziggurat
 75675 | Zig:3    | Entered Level 3 of a ziggurat
 75675 | Zig:3    | Noticed Jefaokh the pandemonium lord
 75679 | Zig:3    | Killed Jefaokh the pandemonium lord
 75730 | Zig:4    | Entered Level 4 of a ziggurat
 75750 | Zig:4    | Identified the +5 chain mail of the Volcano {Rampage rElec
                  | rCorr}
 75751 | Zig:4    | Identified the +1 helmet of Morality {rN++ Will- Str+3}
 75841 | Zig:5    | Entered Level 5 of a ziggurat
 75902 | Zig:6    | Entered Level 6 of a ziggurat
 75924 | Zig:6    | Identified the staff of death "Paxot" {rN+ Will++ Str+3
                  | Int-5 Dex+2}
 75939 | Zig:6    | Identified the +7 bardiche of the Threshing Blowfly {venom,
                  | Stlth+}
 75953 | Zig:7    | Entered Level 7 of a ziggurat
 75959 | Zig:7    | Noticed a dread lich
 75960 | Zig:7    | Killed a dread lich
 75963 | Zig:7    | Found the +3 Elemental Staff {rElec rF++ rC++ AC+5}
 75969 | Zig:7    | Identified the +0 dagger of Ubit {heavy, rPois rC+}
 75987 | Zig:7    | Got Sif Muna's Compendium of Doomed Frostbite
 76016 | Zig:8    | Entered Level 8 of a ziggurat
 76036 | Zig:8    | Identified the staff of fire "Kewikede" {+Blink rF+}
 76043 | Zig:8    | Identified the +5 great sword "Ocvaseq" {freeze, Int+3}
 76044 | Zig:8    | Identified the staff of cold "Salummi" {rC+ Int+2}
 76061 | Zig:9    | Entered Level 9 of a ziggurat
 76068 | Zig:9    | Noticed an ancient lich
 76071 | Zig:9    | Killed an ancient lich
 76090 | Zig:9    | Identified the staff of fire "Humabude" {rElec rPois rF+
                  | Str+3 Int-3}
 76095 | Zig:9    | Identified the +2 rapier "Worm's Wrath" {spect, Str+2
                  | Int+4}
 76102 | Zig:9    | Identified the +1 spear of Day {protect, *Noise Str+5}
 76144 | Zig:10   | Entered Level 10 of a ziggurat
 76165 | Zig:10   | Identified the amulet "Zuwk" {Contam Regen+ Str+6}
 76200 | Zig:10   | Identified the +8 rapier of Watchfulness {flame, rPois rN+
                  | Str+3 Stlth+}
 76201 | Zig:10   | Identified the +5 war axe of Reug {speed, rF- Str-4 Dex+8}
 76207 | Zig:10   | Identified the +4 morningstar "Ipuvoujibb" {pain, +Blink
                  | Str+7 Dex-2}
 76262 | Zig:11   | Entered Level 11 of a ziggurat
 76287 | Zig:11   | Found the macabre finger necklace {Finger+ rN+}
 76394 | Zig:12   | Entered Level 12 of a ziggurat
 76407 | Zig:12   | Noticed a dread lich
 76409 | Zig:12   | Killed a dread lich
 76547 | Zig:12   | Identified the +1 ring mail of Amaf {Contam +Inv rN+}
 76548 | Zig:12   | Identified the +0 falchion "Urilood" {pain, rN+ Int+4}
 76550 | Zig:12   | Identified the +8 mace of Foolhardiness {freeze, Contam
                  | rCorr SInv}
 76557 | Zig:12   | Identified the +3 ring mail "Orrer" {Contam rElec Dex+5}
 76567 | Zig:12   | Identified the ring of Jytzasch {rElec rPois Str+2 Int+3}
 76580 | Zig:12   | Identified the +1 great mace of Ylaptoe {freeze, rCorr}
 76638 | Zig:13   | Entered Level 13 of a ziggurat
 76651 | Zig:13   | Noticed an ancient lich
 76651 | Zig:13   | Found the +3 hat of Pondering {ponderous, Will+ MP+10
                  | Int+5}
 76654 | Zig:13   | Killed an ancient lich
 76740 | Zig:13   | Identified the staff of air "Egadu" {Drain rElec rPois rF+
                  | Str+6}
 76749 | Zig:13   | Identified the staff of death "Dialirpha" {rElec rPois rN+
                  | Int-2}
 76766 | Zig:13   | Identified the +9 spear "Tueczei" {heavy, Fragile Str+3
                  | Dex+4}
 76820 | Zig:14   | Entered Level 14 of a ziggurat
 76927 | Zig:14   | Identified the +6 longbow of Gicafaeff {flame, rC+ Int+2
                  | Dex+3}
 76929 | Zig:14   | Identified the ring "Gisepol" {rF+ Will+ Dex+3 Stlth+}
 76938 | Zig:14   | Identified the ring "Qerutoam" {rPois Str+2}
 76944 | Zig:14   | Identified the ring "Ceuxiggu" {rCorr Dex+3}
 77013 | Zig:15   | Entered Level 15 of a ziggurat
 77035 | Zig:15   | Found the +7 great mace "Undeadhunter" {deathbane, rN+}
 77089 | Zig:15   | Identified the staff of air "Pill" {Drain rElec rPois SInv}
 77095 | Zig:15   | Identified the +0 plate armour of Entitlement {rF+}
 77097 | Zig:15   | Identified the +0 morningstar of Wariness {freeze, Dex+5}
 77116 | Zig:15   | Identified the +10 shortbow of Grandeur {flame, *Slow rPois
                  | Will+ Str+2}
 77117 | Zig:15   | Identified the +6 flail of Excruciating Pain {flame,
                  | *Corrode Dex+6}
 77206 | Zig:16   | Entered Level 16 of a ziggurat
 77222 | Zig:16   | Noticed a dread lich
 77222 | Zig:16   | Noticed an ancient lich
 77224 | Zig:16   | Noticed an ancient lich
 77225 | Zig:16   | Killed a dread lich
 77226 | Zig:16   | Killed an ancient lich
 77226 | Zig:16   | Killed an ancient lich
 77228 | Zig:16   | Found the +8 Wrath of Trog {antimagic, *Rage Rampage}
 77368 | Zig:16   | Identified the ring "Jickoda" {Ice Will+ Str+2 Stlth-}
 77377 | Zig:16   | Identified the +9 quarterstaff of a bailey {spect, rC+
                  | Int+4}
 77383 | Zig:16   | Identified the -1 cloak of the Nine Violins {+Inv rC+ SInv}
 77457 | Zig:17   | Entered Level 17 of a ziggurat
 77592 | Zig:17   | Identified the staff of conjuration "Cigaqyic" {Int+2 SInv}
 77705 | Zig:18   | Entered Level 18 of a ziggurat
 77856 | Zig:18   | Identified the +1 helmet of the Endless Planets {rElec
                  | Dex+3}
 77860 | Zig:18   | Identified the +5 arbalest of Subjectivity {speed, Str+3}
 77861 | Zig:18   | Identified the +7 chain mail of the Depths {Will+ rCorr
                  | Int+3}
 77872 | Zig:18   | Identified the staff of air "Myvetz" {rElec rF+ rCorr
                  | Int-2}
 77875 | Zig:18   | Identified the +7 dire flail of Righteous Fury {pain, rPois
                  | Int+3}
 77944 | Zig:18   | Acquired a manual of Hexes
 77948 | Zig:18   | Acquired 437 gold pieces
 77964 | Zig:19   | Entered Level 19 of a ziggurat
 77974 | Zig:19   | Found the ring of the Tortoise {AC+8}
 78137 | Zig:19   | Identified the staff of earth "Featho Haorr" {rPois rF+++
                  | rCorr Dex-5}
 78141 | Zig:19   | Identified the ring of Ytamurph {rF+ rN+ rCorr SInv}
 78160 | Zig:19   | Identified the +0 pearl dragon scales "Nacvesk" {+Inv rN+}
 78304 | Zig:19   | Reached skill level 27 in Polearms
 78326 | Zig:20   | Entered Level 20 of a ziggurat
 78535 | Zig:20   | Identified the +3 chain mail "Suisyigg" {Will++ Int+2}
 78542 | Zig:20   | Identified the ring "Woulooko" {rF+ rN+ Will++}
 78546 | Zig:20   | Identified the +8 chain mail of the Accordion {MP+9 Str+5
                  | SInv}
 78560 | Zig:20   | Identified the +8 chain mail of Integrity {rN++}
 78870 | Zig:21   | Entered Level 21 of a ziggurat
 78878 | Zig:21   | Reached skill level 27 in Stealth
 78993 | Zig:21   | Identified the +6 triple crossbow of Ucronn {penet, Fragile
                  | rElec Int+3}
 79152 | Zig:21   | Identified the ring "Toptuux" {rN++ AC+4 Int-5}
 79165 | Zig:21   | Identified the amulet "Caragim" {Faith Regen+ rCorr Int-3
                  | Slay+3}
 79168 | Zig:21   | Identified the +11 great mace of the Bespelling Hawk {pain,
                  | rN+ Dex+3}
 79381 | Zig:22   | Entered Level 22 of a ziggurat
 79412 | Zig:22   | Noticed Ympeomno the pandemonium lord
 79418 | Zig:22   | Killed Ympeomno the pandemonium lord
 79658 | Zig:22   | Identified the ring of Emperyr {rPois rF+ SInv}
 79678 | Zig:22   | Identified the +4 rapier of Sunlight {freeze, Int+3 Dex+2}
 79693 | Zig:22   | Identified the +11 long sword "Aruan" {freeze, rPois rC+
                  | rCorr Dex-5}
 79697 | Zig:22   | Identified the +1 leather armour of Okawaru's Favour {rC-
                  | rCorr Dex+5 SInv}
 79705 | Zig:22   | Identified the +9 broad axe of the Healing Gods {antimagic,
                  | Dex+2}
 79810 | Zig:22   | Acquired the +10 tower shield "Romof" {Str+7}
 79830 | Zig:23   | Entered Level 23 of a ziggurat
 79839 | Zig:23   | Noticed Teyj the pandemonium lord
 79839 | Zig:23   | Noticed Hadicugi the pandemonium lord
 79840 | Zig:23   | Noticed Panud the pandemonium lord
 79841 | Zig:23   | Noticed Kouneg the pandemonium lord
 79842 | Zig:23   | Killed Hadicugi the pandemonium lord
 79842 | Zig:23   | Noticed Qeicif the pandemonium lord
 79843 | Zig:23   | Killed Teyj the pandemonium lord
 79843 | Zig:23   | Noticed Miloumoz the pandemonium lord
 79844 | Zig:23   | Noticed Viacohes the pandemonium lord
 79845 | Zig:23   | Killed Kouneg the pandemonium lord
 79845 | Zig:23   | Noticed Huawuv the pandemonium lord
 79845 | Zig:23   | Noticed Geot Eff the pandemonium lord
 79845 | Zig:23   | Noticed Zaecoer the pandemonium lord
 79846 | Zig:23   | Killed Panud the pandemonium lord
 79846 | Zig:23   | Killed Qeicif the pandemonium lord
 79847 | Zig:23   | Killed Viacohes the pandemonium lord
 79847 | Zig:23   | Killed Geot Eff the pandemonium lord
 79847 | Zig:23   | Noticed Wiclofy the pandemonium lord
 79848 | Zig:23   | Noticed Teenohic the pandemonium lord
 79849 | Zig:23   | Noticed Daorchuli the pandemonium lord
 79849 | Zig:23   | Noticed Zaptiafuv the pandemonium lord
 79849 | Zig:23   | Noticed Otidyimn the pandemonium lord
 79849 | Zig:23   | Noticed Vacaygoc the pandemonium lord
 79849 | Zig:23   | Noticed Saibubar the pandemonium lord
 79849 | Zig:23   | Noticed Guntiasi the pandemonium lord
 79851 | Zig:23   | Killed Zaptiafuv the pandemonium lord
 79851 | Zig:23   | Killed Daorchuli the pandemonium lord
 79852 | Zig:23   | Reached skill level 27 in Invocations
 79852 | Zig:23   | Killed Wiclofy the pandemonium lord
 79852 | Zig:23   | Killed Saibubar the pandemonium lord
 79852 | Zig:23   | Killed Guntiasi the pandemonium lord
 79853 | Zig:23   | Killed Teenohic the pandemonium lord
 79853 | Zig:23   | Killed Vacaygoc the pandemonium lord
 79854 | Zig:23   | Killed Huawuv the pandemonium lord
 79854 | Zig:23   | Killed Zaecoer the pandemonium lord
 79854 | Zig:23   | Killed Otidyimn the pandemonium lord
 79855 | Zig:23   | Reached skill level 27 in Throwing
 79855 | Zig:23   | Killed Miloumoz the pandemonium lord
 79856 | Zig:23   | Found the +27 heavy crossbow "Sniper" {heavy, Acc+∞ SInv}
 79996 | Zig:23   | Identified the staff of cold "Qetsoeq" {rC+ rCorr Str+6
                  | Stlth+}
 80010 | Zig:23   | Identified the +0 robe "Uthrot" {rCorr Int+3}
 80011 | Zig:23   | Identified the staff of death "Meruob Simi" {Fragile rElec
                  | rPois rN+ Dex+4}
 80016 | Zig:23   | Identified the +1 halberd of Gallantry {heavy, rF+ rC+ rN+
                  | Will+}
 80183 | Zig:24   | Entered Level 24 of a ziggurat
 80210 | Zig:24   | Reached skill level 27 in Staves
 80210 | Zig:24   | Reached skill level 27 in Spellcasting
 80212 | Zig:24   | Found the +7 lajatang of Order {silver, rMut}
 80294 | Zig:24   | Identified the +6 hand axe of Zixoyck {venom, rElec rPois}
 80300 | Zig:24   | Identified the staff of poison "Saxebyov" {Contam rElec
                  | rPois rCorr Str-4 Stlth+}
 80304 | Zig:24   | Identified the +0 short sword of Hatred {spect, Fly Will+}
 80316 | Zig:24   | Identified the +11 arbalest of the Delicate God {flame,
                  | rCorr Int+3}
 80455 | Zig:25   | Entered Level 25 of a ziggurat
 80464 | Zig:25   | Noticed a dread lich
 80464 | Zig:25   | Noticed an ancient lich
 80464 | Zig:25   | Noticed an ancient lich
 80465 | Zig:25   | Noticed a dread lich
 80467 | Zig:25   | Reached skill level 27 in Evocations
 80467 | Zig:25   | Killed a dread lich
 80467 | Zig:25   | Killed an ancient lich
 80467 | Zig:25   | Killed an ancient lich
 80467 | Zig:25   | Killed a dread lich
 80467 | Zig:25   | Noticed an ancient lich
 80468 | Zig:25   | Noticed an ancient lich
 80471 | Zig:25   | Killed an ancient lich
 80472 | Zig:25   | Killed an ancient lich
 80482 | Zig:25   | Found the +9 sword of Zonguldrok {reap}
 80561 | Zig:25   | Identified the ring "Qeesigh" {rPois rF+ rC+ Will- Dex+3}
 80568 | Zig:25   | Identified the staff of cold "Onysing" {Contam rC+ MP+9
                  | Int+2 SInv}
 80572 | Zig:25   | Identified the staff of poison "Bimewati" {rPois Dex+3}
 80573 | Zig:25   | Identified the staff of fire "Zoenobba" {rF+ Dex+3}
 80574 | Zig:25   | Identified the ring of Qurghibad {rPois rF+ Str+5}
 80579 | Zig:25   | Identified the staff of air "Xutwife" {rElec rCorr MP-9
                  | Str+2 Int+3}
 80581 | Zig:25   | Identified the staff of cold "Rujeniso" {rC+ Will++ Int+2}
 80681 | Zig:25   | Reached skill level 27 in Short Blades
 80728 | Zig:26   | Entered Level 26 of a ziggurat
 80734 | Zig:26   | Identified the +0 tower shield "Bocs" {rC+ Slay-3 Stlth+}
 80739 | Zig:26   | Reached skill level 27 in Armour
 80739 | Zig:26   | Reached skill level 27 in Shields
 80739 | Zig:26   | Reached skill level 27 in Earth Magic
 80746 | Zig:26   | Found the +8 mithril axe "Arga" {speed, Will+}
 80771 | Zig:26   | Identified the +2 leather armour of the Endless Expanse
                  | {Str+3}
 80991 | Zig:26   | Identified the staff of fire "Nepripl Tise" {rF+ rC+ Str+3
                  | Dex+3}
 80992 | Zig:26   | Identified the +1 ring mail "Ceschy" {rF+ Str+3 Slay+2}
 81019 | Zig:26   | Identified the +1 scale mail "Ogomai" {rF+ rN++ rCorr
                  | Dex-5}
 81022 | Zig:26   | Identified the +2 sling "Wedd" {flame, rC++ Will++ Int-2}
 81028 | Zig:26   | Identified the +5 hand crossbow of Uskayaw's Hatred
                  | {freeze, rC+ Will- Dex+4}
 81195 | Zig:26   | Reached skill level 27 in Axes
 81275 | Zig:26   | Lost mutation: You are frail. (-10% HP) [potion of
                  | mutation]
 81275 | Zig:26   | Lost mutation: You occasionally shout uncontrollably at
                  | your foes. [potion of mutation]
 81275 | Zig:26   | Lost mutation: You have large cloven feet. [potion of
                  | mutation]
 81275 | Zig:26   | Lost mutation: Your body sometimes deteriorates upon taking
                  | damage. [potion of mutation]
 81275 | Zig:26   | Gained mutation: You are dopey. (Int -2) [potion of
                  | mutation]
 81276 | Zig:26   | Lost mutation: You are strong-willed. (Will+) [potion of
                  | mutation]
 81276 | Zig:26   | Lost mutation: You are agile. (Dex +4, Str/Int -1) [potion
                  | of mutation]
 81276 | Zig:26   | Gained mutation: You are mostly covered in iridescent
                  | scales. (AC +4) [potion of mutation]
 81277 | Zig:26   | Lost mutation: You are mostly covered in iridescent scales.
                  | (AC +4) [potion of mutation]
 81277 | Zig:26   | Lost mutation: You have very sharp fingernails. [potion of
                  | mutation]
 81277 | Zig:26   | Gained mutation: Your muscles are strong. (Str +4, Int/Dex
                  | -1) [potion of mutation]
 81277 | Zig:26   | Gained mutation: Your body sometimes deteriorates upon
                  | taking damage. [potion of mutation]
 81277 | Zig:26   | Gained mutation: You are mostly covered in iridescent
                  | scales. (AC +4) [potion of mutation]
 81278 | Zig:26   | Lost mutation: You are dopey. (Int -2) [potion of mutation]
 81278 | Zig:26   | Lost mutation: You have sharp fingernails. [potion of
                  | mutation]
 81278 | Zig:26   | Gained mutation: You are vulnerable to heat. (rF-) [potion
                  | of mutation]
 81278 | Zig:26   | Gained mutation: You are dopey. (Int -2) [potion of
                  | mutation]
 81279 | Zig:26   | Lost mutation: Your muscles are strong. (Str +4, Int/Dex
                  | -1) [potion of mutation]
 81279 | Zig:26   | Lost mutation: Your body sometimes deteriorates upon taking
                  | damage. [potion of mutation]
 81279 | Zig:26   | Lost mutation: You are vulnerable to heat. (rF-) [potion of
                  | mutation]
 81279 | Zig:26   | Gained mutation: You expend magic power (3 MP) to
                  | strengthen your wands. [potion of mutation]
 81279 | Zig:26   | Gained mutation: You have large cloven feet. [potion of
                  | mutation]
 81308 | Zig:27   | Entered Level 27 of a ziggurat
 81313 | Zig:27   | Noticed a dread lich
 81313 | Zig:27   | Noticed a dread lich
 81313 | Zig:27   | Noticed a dread lich
 81313 | Zig:27   | Noticed a dread lich
 81313 | Zig:27   | Noticed a dread lich
 81314 | Zig:27   | Noticed an ancient lich
 81314 | Zig:27   | Noticed an ancient lich
 81315 | Zig:27   | Noticed a dread lich
 81315 | Zig:27   | Killed a dread lich
 81315 | Zig:27   | Killed a dread lich
 81315 | Zig:27   | Killed a dread lich
 81315 | Zig:27   | Noticed an ancient lich
 81316 | Zig:27   | Killed a dread lich
 81316 | Zig:27   | Killed an ancient lich
 81316 | Zig:27   | Killed a dread lich
 81316 | Zig:27   | Killed an ancient lich
 81317 | Zig:27   | Reached skill level 27 in Long Blades
 81317 | Zig:27   | Reached skill level 27 in Maces & Flails
 81317 | Zig:27   | Reached skill level 27 in Ranged Weapons
 81317 | Zig:27   | Reached skill level 27 in Dodging
 81317 | Zig:27   | Reached skill level 27 in Unarmed Combat
 81317 | Zig:27   | Killed a dread lich
 81317 | Zig:27   | Killed an ancient lich
 81317 | Zig:27   | Noticed an ancient lich
 81317 | Zig:27   | Noticed a dread lich
 81318 | Zig:27   | Killed an ancient lich
 81319 | Zig:27   | Noticed an ancient lich
 81319 | Zig:27   | Noticed a dread lich
 81319 | Zig:27   | Killed a dread lich
 81319 | Zig:27   | Noticed a dread lich
 81320 | Zig:27   | Noticed an ancient lich
 81321 | Zig:27   | Noticed a dread lich
 81322 | Zig:27   | Killed an ancient lich
 81323 | Zig:27   | Killed a dread lich
 81323 | Zig:27   | Killed an ancient lich
 81323 | Zig:27   | Killed a dread lich
 81325 | Zig:27   | Found the +3 greatsling "Punk" {acid, rCorr}
 81336 | Zig:27   | Identified the +1 pair of boots of Resilience {Stlth+}
 81458 | Zig:27   | Identified the staff of cold "Hest" {rC+ Dex+5}
 81478 | Zig:27   | Identified the +6 trident "Hygats" {venom, *Rage +Blink
                  | Int+3 Dex+5}
 81484 | Zig:27   | Identified the +7 quarterstaff "Koynib" {elec, *Corrode
                  | rN++ Will+ Str-3}
 81486 | Zig:27   | Identified the amulet "Ypusaom" {Acrobat Drain +Inv Fly
                  | Will+++}
 81764 | Zig:1    | Entered Level 1 of a ziggurat
 81784 | Zig:2    | Entered Level 2 of a ziggurat
 81787 | Zig:2    | Noticed Women the pandemonium lord
 81792 | Zig:2    | Killed Women the pandemonium lord
 81843 | Zig:3    | Entered Level 3 of a ziggurat
 81871 | Zig:4    | Entered Level 4 of a ziggurat
 81874 | Zig:4    | Noticed a dread lich
 81874 | Zig:4    | Noticed a dread lich
 81875 | Zig:4    | Paralysed by a dread lich for 4 turns
 81879 | Zig:4    | Killed a dread lich
 81880 | Zig:4    | Killed a dread lich
 81881 | Zig:4    | Reached skill level 27 in Hexes
 81960 | Zig:4    | Identified the +1 leather armour of Infinity {rPois Regen+
                  | Int-5}
 81971 | Zig:5    | Entered Level 5 of a ziggurat
 81989 | Zig:5    | Identified the +1 shortbow "Grim Tooth" {antimagic, rC+}
 81999 | Zig:6    | Entered Level 6 of a ziggurat
 82004 | Zig:6    | Identified the staff of conjuration "Duot" {rN+ Dex+6}
 82094 | Zig:7    | Entered Level 7 of a ziggurat
 82127 | Zig:7    | Identified the staff of conjuration "Ulenep" {rF- Will+++
                  | rCorr Int-5}
 82129 | Zig:7    | Identified the +7 bardiche of Causality {freeze, Int+3
                  | Dex+5}
 82141 | Zig:8    | Entered Level 8 of a ziggurat
 82288 | Zig:8    | Identified the +4 trident of the Penguin {flame, rC- Will+
                  | Str+4 Int+3}
 82304 | Zig:9    | Entered Level 9 of a ziggurat
 82406 | Zig:10   | Entered Level 10 of a ziggurat
 82411 | Zig:10   | Noticed a juggernaut
 82415 | Zig:10   | Killed a juggernaut
 82417 | Zig:10   | Found the +5 demon whip "Spellbinder" {antimagic, disrupt,
                  | Will+}
 82455 | Zig:10   | Identified the amulet of Qodiot {Acrobat rC+ Str+4 Int+5}
 82480 | Zig:10   | Identified the ring "Aletom Edu" {Fire Will++ rCorr Str-5}
 82499 | Zig:11   | Entered Level 11 of a ziggurat
 82509 | Zig:11   | Noticed a dread lich
 82512 | Zig:11   | Killed a dread lich
 82607 | Zig:12   | Entered Level 12 of a ziggurat
 82612 | Zig:12   | Noticed a juggernaut
 82613 | Zig:12   | Noticed a juggernaut
 82614 | Zig:12   | Killed a juggernaut
 82620 | Zig:12   | Killed a juggernaut
 82649 | Zig:12   | Identified the staff of earth "Vyerr" {+Blink Int+2}
 82652 | Zig:12   | Identified the +2 leather armour "Luapt" {Will+ Str+2}
 82654 | Zig:12   | Identified the +4 arbalest of Deflation {antimagic, Contam
                  | Dex+3 Stlth+}
 82655 | Zig:12   | Identified the ring "Aczoxoh" {rF+ rC+}
 82661 | Zig:12   | Identified the staff of conjuration "Plog" {rCorr}
 82696 | Zig:13   | Entered Level 13 of a ziggurat
 82708 | Zig:13   | Reached skill level 27 in Summonings
 82780 | Zig:13   | Identified the +5 chain mail "Jawk" {Slay+5}
 82783 | Zig:13   | Identified the +2 ring mail "Naleahye" {Str+2}
 82830 | Zig:14   | Entered Level 14 of a ziggurat
 82944 | Zig:14   | Identified the staff of air "Cimp" {rElec Str+4 Int+3}
 82947 | Zig:14   | Identified the staff of fire "Torucet" {Fly rF+ rC+ Str-2
                  | Int+2}
 82951 | Zig:14   | Identified the +2 scale mail of Eneo {+Blink rN++ Str+4}
 82992 | Zig:15   | Entered Level 15 of a ziggurat
 83135 | Zig:15   | Identified the +11 quarterstaff of Lust {antimagic, rElec
                  | Str-4 Dex+2}
 83136 | Zig:15   | Identified the +0 mace "Ogreslayer" {heavy, rF+ Dex+3}
 83144 | Zig:15   | Identified the staff of earth "Harerihui" {rElec rF+}
 83147 | Zig:15   | Identified the ring of Lavvuk {rElec Will- MP+9 Str+3 SInv}
 83149 | Zig:15   | Identified the +1 robe of the Gloaming {Drain Will+++
                  | Stlth+}
 83167 | Zig:16   | Entered Level 16 of a ziggurat
 83186 | Zig:16   | Noticed Juwukoca the pandemonium lord
 83195 | Zig:16   | Killed Juwukoca the pandemonium lord
 83361 | Zig:16   | Identified the staff of air "Raedgh" {Drain rElec Dex+5
                  | SInv}
 83362 | Zig:16   | Identified the +5 flail of Xustixe {protect, rF+ Dex+2}
 83364 | Zig:16   | Identified the ring "Rushud" {rPois Str+3 Int+4 Dex+2}
 83395 | Zig:16   | Reached skill level 27 in Conjurations
 83395 | Zig:16   | Reached skill level 27 in Necromancy
 83395 | Zig:16   | Reached skill level 27 in Translocations
 83395 | Zig:16   | Reached skill level 27 in Transmutations
 83395 | Zig:16   | Reached skill level 27 in Fire Magic
 83395 | Zig:16   | Reached skill level 27 in Ice Magic
 83395 | Zig:16   | Reached skill level 27 in Air Magic
 83395 | Zig:16   | Reached skill level 27 in Poison Magic
 83430 | Zig:16   | Lost mutation: You expend magic power (3 MP) to strengthen
                  | your wands. [potion of mutation]
 83430 | Zig:16   | Lost mutation: You are mostly covered in iridescent scales.
                  | (AC +4) [potion of mutation]
 83430 | Zig:16   | Gained mutation: You have sharp fingernails. [potion of
                  | mutation]
 83430 | Zig:16   | Gained mutation: You expend magic power (3 MP) to
                  | strengthen your wands. [potion of mutation]
 83431 | Zig:16   | Lost mutation: You are partially covered in iridescent
                  | scales. (AC +2) [potion of mutation]
 83431 | Zig:16   | Lost mutation: You have large cloven feet. [potion of
                  | mutation]
 83431 | Zig:16   | Gained mutation: You have supernaturally acute eyesight.
                  | (SInv) [potion of mutation]
 83431 | Zig:16   | Gained mutation: You are partially covered in iridescent
                  | scales. (AC +2) [potion of mutation]
 83431 | Zig:16   | Gained mutation: Your muscles are strong. (Str +4, Int/Dex
                  | -1) [potion of mutation]
 83432 | Zig:16   | Lost mutation: You expend magic power (3 MP) to strengthen
                  | your wands. [potion of mutation]
 83432 | Zig:16   | Lost mutation: You are dopey. (Int -2) [potion of mutation]
 83432 | Zig:16   | Gained mutation: You have a pair of small horns on your
                  | head. [potion of mutation]
 83432 | Zig:16   | Gained mutation: You sometimes lose your temper in combat.
                  | [potion of mutation]
 83432 | Zig:16   | Gained mutation: A frigid envelope surrounds you and
                  | freezes all who hurt you. [potion of mutation]
 83433 | Zig:16   | Lost mutation: You are partially covered in iridescent
                  | scales. (AC +2) [potion of mutation]
 83433 | Zig:16   | Lost mutation: You sometimes lose your temper in combat.
                  | [potion of mutation]
 83433 | Zig:16   | Lost mutation: You have a pair of small horns on your head.
                  | [potion of mutation]
 83433 | Zig:16   | Gained mutation: Your muscles are very strong. (Str +8,
                  | Int/Dex -2) [potion of mutation]
 83433 | Zig:16   | Gained mutation: You have extremely sharp teeth. [potion of
                  | mutation]
 83433 | Zig:16   | Gained mutation: Your body sometimes deteriorates upon
                  | taking damage. [potion of mutation]
 83433 | Zig:16   | Gained mutation: You have hidden genetic potential. [potion
                  | of mutation]
 83434 | Zig:16   | Lost mutation: You have supernaturally acute eyesight.
                  | (SInv) [potion of mutation]
 83434 | Zig:16   | Lost mutation: Your muscles are very strong. (Str +8,
                  | Int/Dex -2) [potion of mutation]
 83434 | Zig:16   | Lost mutation: You have extremely sharp teeth. [potion of
                  | mutation]
 83434 | Zig:16   | Gained mutation: You have large cloven feet. [potion of
                  | mutation]
 83434 | Zig:16   | Lost mutation: A frigid envelope surrounds you and freezes
                  | all who hurt you. [potion of mutation]
 83435 | Zig:16   | Lost mutation: You have sharp fingernails. [potion of
                  | mutation]
 83435 | Zig:16   | Lost mutation: You have hidden genetic potential. [potion
                  | of mutation]
 83435 | Zig:16   | Gained mutation: You sometimes lose your temper in combat.
                  | [potion of mutation]
 83436 | Zig:16   | Lost mutation: Your body sometimes deteriorates upon taking
                  | damage. [potion of mutation]
 83436 | Zig:16   | Lost mutation: Your muscles are strong. (Str +4, Int/Dex
                  | -1) [potion of mutation]
 83436 | Zig:16   | Lost mutation: You sometimes lose your temper in combat.
                  | [potion of mutation]
 83436 | Zig:16   | Gained mutation: Your mind is acute. (Int +4, Str/Dex -1)
                  | [potion of mutation]
 83436 | Zig:16   | Gained mutation: You are strong-willed. (Will+) [potion of
                  | mutation]
 83478 | Zig:17   | Entered Level 17 of a ziggurat
 83481 | Zig:17   | Noticed a dread lich
 83481 | Zig:17   | Noticed a dread lich
 83482 | Zig:17   | Noticed a dread lich
 83483 | Zig:17   | Noticed an ancient lich
 83483 | Zig:17   | Noticed a dread lich
 83485 | Zig:17   | Noticed a dread lich
 83486 | Zig:17   | Killed a dread lich
 83486 | Zig:17   | Killed a dread lich
 83487 | Zig:17   | Killed a dread lich
 83487 | Zig:17   | Killed a dread lich
 83487 | Zig:17   | Killed an ancient lich
 83488 | Zig:17   | Killed a dread lich
 83489 | Zig:17   | Noticed an ancient lich
 83493 | Zig:17   | Killed an ancient lich
 83495 | Zig:17   | Found the +0 staff of Battle
 83496 | Zig:17   | Found the +8 whip "Snakebite" {venom, curare, rPois}
 83498 | Zig:17   | Found the amulet of Vitality {RegenMP++ Regen++}
 83569 | Zig:17   | Identified the +0 scimitar of Dypy {vamp, Int+4 Dex+2}
 83572 | Zig:17   | Identified the staff of air "Gitefi" {Fragile rElec MP+9
                  | Int+3}
 83599 | Zig:17   | Identified the +0 whip of the Cursing Fox {heavy, Str+3}
 83646 | Zig:18   | Entered Level 18 of a ziggurat
 83654 | Zig:18   | Noticed a dread lich
 83659 | Zig:18   | Killed a dread lich
 83660 | Zig:18   | Noticed an ancient lich
 83662 | Zig:18   | Killed an ancient lich
 83779 | Zig:18   | Identified the ring of Betiwk {rElec rPois Slay+2 Stlth-}
 83795 | Zig:18   | Identified the scarf "Ahikkana" {rC+ rF+, Rampage Int-5
                  | Dex+4}
 83798 | Zig:18   | Identified the +8 war axe of Prudence {holy, Will+}
 83846 | Zig:19   | Entered Level 19 of a ziggurat
 84019 | Zig:19   | Identified the ring of Res Nullius {rElec rPois rCorr
                  | Dex+6}
 84022 | Zig:19   | Identified the ring "Duschonn" {EV+5 Int+3}
 84029 | Zig:19   | Identified the +7 hand axe "Owoosaym" {freeze, Int+2}
 84040 | Zig:19   | Identified the amulet of Pyax {RegenMP Will+}
 84044 | Zig:19   | Identified the +2 helmet of Istan {Str+8}
 84057 | Zig:19   | Identified the ring of Tender Moments {rF+ Str+4}
 84093 | Zig:20   | Entered Level 20 of a ziggurat
 84218 | Zig:20   | Identified the ring of Symmetry {rF- Int+6 Dex+5 SInv
                  | Stlth+}
 84220 | Zig:20   | Identified the amulet of Jofisay {Reflect Int+4 SH+5}
 84222 | Zig:20   | Identified the +5 leather armour of the Fiddle {rPois}
 84223 | Zig:20   | Identified the +1 chain mail "Imatuh" {Int+6}
 84231 | Zig:20   | Identified the ring "Yxasix" {*Corrode rPois rN++ MP+9
                  | Stlth+}
 84235 | Zig:20   | Identified the quicksilver dragon scales of Past Mistakes
                  | {Rampage +Inv rF- Will+ Dex+2}
 84293 | Zig:21   | Entered Level 21 of a ziggurat
 84469 | Zig:21   | Identified the +0 leather armour "Qinuopoess" {Regen+ Str-2
                  | Dex+8 SInv}
 84472 | Zig:21   | Identified the staff of death "Maofatagi" {rN+ Int+3 SInv}
 84474 | Zig:21   | Identified the staff of poison "Hempeymu" {rPois Int+3}
 84475 | Zig:21   | Identified the +0 plate armour of Aravut {rC- rN+++ Str+6}
 84491 | Zig:21   | Identified the amulet "Fizxe" {Spirit Dex+4}
 84513 | Zig:22   | Entered Level 22 of a ziggurat
 84537 | Zig:22   | Found the +7 great mace "Firestarter" {flame, inner flame,
                  | rFlCloud rF++}
 84743 | Zig:22   | Identified the ring "Efutz" {rPois rF+}
 84747 | Zig:22   | Identified the staff of air "Kafeud" {rElec rF- rC+ rCorr
                  | Dex+2}
 84755 | Zig:22   | Identified the +7 great mace of Disintegration {flame, rC+
                  | Str+3}
 84756 | Zig:22   | Identified the amulet "Ytalauloizu" {Reflect Dex+3 SH+5}
 84763 | Zig:22   | Identified the ring "Ynatt" {rPois rF+ rC+ rCorr Dex+6}
 84802 | Zig:22   | Identified the amulet of Kikubaaqudgha's Envy {Rampage
                  | Regen+}
 84805 | Zig:22   | Identified the ring of Musoorch {rC- AC+4 Str+3 Int+2}
 84863 | Zig:23   | Entered Level 23 of a ziggurat
 85074 | Zig:23   | Identified the +0 chain mail of the Lair of Beasts {Contam
                  | Harm rN+}
 85075 | Zig:23   | Identified the +4 chain mail of Recklessness {Harm rF-
                  | Int+2}
 85082 | Zig:23   | Identified the staff of earth "Unoseit" {rF+}
 85192 | Zig:24   | Entered Level 24 of a ziggurat
 85204 | Zig:24   | Noticed a dread lich
 85204 | Zig:24   | Noticed a dread lich
 85205 | Zig:24   | Noticed a dread lich
 85205 | Zig:24   | Noticed a dread lich
 85205 | Zig:24   | Noticed an ancient lich
 85205 | Zig:24   | Noticed a dread lich
 85206 | Zig:24   | Noticed an ancient lich
 85206 | Zig:24   | Noticed an ancient lich
 85206 | Zig:24   | Noticed a dread lich
 85206 | Zig:24   | Noticed an ancient lich
 85207 | Zig:24   | Killed a dread lich
 85207 | Zig:24   | Killed a dread lich
 85207 | Zig:24   | Killed an ancient lich
 85208 | Zig:24   | Killed an ancient lich
 85208 | Zig:24   | Killed a dread lich
 85208 | Zig:24   | Killed a dread lich
 85208 | Zig:24   | Killed a dread lich
 85208 | Zig:24   | Killed an ancient lich
 85210 | Zig:24   | Killed a dread lich
 85210 | Zig:24   | Killed an ancient lich
 85212 | Zig:24   | Noticed an ancient lich
 85215 | Zig:24   | Killed an ancient lich
 85219 | Zig:24   | Found the +11 Singing Sword {sonic wave}
 85234 | Zig:24   | Identified the +0 robe "Zuthycs" {rC- Str+2 Int+5 Archmagi}
 85276 | Zig:24   | Identified the staff of earth "Ukoifoh" {rF+}
 85287 | Zig:24   | Identified the +5 scale mail of the Hairy Hart {+Blink
                  | Dex+4}
 85300 | Zig:24   | Identified the +5 sling "Yweentiq" {drain, Str+3}
 85424 | Zig:25   | Entered Level 25 of a ziggurat
 85449 | Zig:25   | Found the brooch of Shielding {Spirit SH+8}
 85618 | Zig:25   | Identified the amulet "Acrocaeh" {Acrobat Fly rElec rF-
                  | rN+++}
 85633 | Zig:25   | Identified the +5 dagger "Aczops" {speed, rPois rF- Will+
                  | Dex+3}
 85644 | Zig:25   | Identified the +12 short sword of Azxu {vamp, Dex+3}
 85651 | Zig:25   | Identified the +2 leather armour of Valiance {rCorr Dex+7}
 85655 | Zig:25   | Identified the +4 sling of Psychosis {elec, rElec rC- rN+
                  | Int+3}
 85662 | Zig:25   | Identified the staff of poison "Opteo" {rPois Int+2}
 85716 | Zig:26   | Entered Level 26 of a ziggurat
 85972 | Zig:26   | Identified the +0 cloak of Greed {Will+ Dex+4}
 85984 | Zig:26   | Identified the amulet of Dabruebb {Faith Rampage Will-
                  | Dex+5}
 85989 | Zig:26   | Identified the ring of Daqiun {Ice Will- rCorr Dex+3}
 85992 | Zig:26   | Identified the +0 plate armour of Sunosuf {Harm Rampage
                  | Drain Regen+}
 86047 | Zig:26   | Identified the +1 great mace of the Bespelling Priest
                  | {holy, rC- rCorr SInv}
 86108 | Zig:27   | Entered Level 27 of a ziggurat
 86111 | Zig:27   | Noticed a juggernaut
 86111 | Zig:27   | Noticed a juggernaut
 86112 | Zig:27   | Killed a juggernaut
 86114 | Zig:27   | Noticed a juggernaut
 86114 | Zig:27   | Found the +0 pair of fencer's gloves {Riposte Dex+3}
 86115 | Zig:27   | Killed a juggernaut
 86117 | Zig:27   | Found the +7 captain's cutlass {speed, disarm}
 86120 | Zig:27   | Killed a juggernaut
 86241 | Zig:27   | Identified the ring "Mian" {Wiz *Slow rN+ Dex+3 Stlth+}
 86243 | Zig:27   | Identified the staff of earth "Qudotodo" {rF+ Int+6}
 86247 | Zig:27   | Identified the staff of death "Moluaton" {rPois rN+ Will+
                  | Str-2 SInv}
 86296 | Zig:27   | Identified the +7 quarterstaff "Plog" {freeze, Fly rC+}
 86302 | Zig:27   | Identified the ring of Faur Petz {rPois rN+ Stlth+}
 86306 | Zig:27   | Identified the +2 flail of the Foremost Tables {heavy,
                  | Will- rCorr Str+2}
 86409 | Depths:3 | Acquired 946 gold pieces
 87111 | Tomb:1   | Entered Level 1 of the Tomb of the Ancients
 87181 | Tomb:1   | Noticed a royal mummy
 87183 | Tomb:1   | Noticed a royal mummy
 87191 | Tomb:1   | Killed a royal mummy
 87192 | Tomb:1   | Killed a royal mummy
 87194 | Tomb:1   | Noticed a royal mummy
 87210 | Tomb:1   | Noticed a royal mummy
 87214 | Tomb:1   | Killed a royal mummy
 87216 | Tomb:1   | Killed a royal mummy
 87217 | Tomb:1   | Noticed a royal mummy
 87279 | Tomb:1   | Killed a royal mummy
 87373 | Tomb:1   | Noticed a royal mummy
 87381 | Tomb:1   | Killed a royal mummy
 87382 | Tomb:1   | Identified the ring of Fragile Peace {rPois rF- Will+
                  | Dex+2}
 87382 | Tomb:1   | Noticed a royal mummy
 87394 | Tomb:1   | Killed a royal mummy
 87394 | Tomb:1   | Noticed a royal mummy
 87397 | Tomb:1   | Killed a royal mummy
 87441 | Tomb:1   | Noticed a royal mummy
 87446 | Tomb:1   | Killed a royal mummy
 87529 | Tomb:1   | Noticed a royal mummy
 87529 | Tomb:1   | Noticed a royal mummy
 87533 | Tomb:1   | Killed a royal mummy
 87537 | Tomb:1   | Killed a royal mummy
 87538 | Tomb:1   | Noticed a royal mummy
 87546 | Tomb:1   | Killed a royal mummy
 87674 | Tomb:1   | Noticed a royal mummy
 87681 | Tomb:1   | Noticed a royal mummy
 87686 | Tomb:1   | Noticed a royal mummy
 87690 | Tomb:1   | Killed a royal mummy
 87694 | Tomb:1   | Killed a royal mummy
 87694 | Tomb:1   | Noticed a royal mummy
 87702 | Tomb:1   | Killed a royal mummy
 87705 | Tomb:1   | Killed a royal mummy
 87706 | Tomb:1   | Noticed a royal mummy
 87715 | Tomb:1   | Killed a royal mummy
 87729 | Tomb:1   | Noticed a royal mummy
 87746 | Tomb:1   | Killed a royal mummy
 87747 | Tomb:1   | Noticed a royal mummy
 87752 | Tomb:1   | Killed a royal mummy
 88385 | Tomb:2   | Noticed a royal mummy
 88385 | Tomb:2   | Noticed a royal mummy
 88385 | Tomb:2   | Noticed a royal mummy
 88385 | Tomb:2   | Noticed a royal mummy
 88389 | Tomb:2   | Killed a royal mummy
 88389 | Tomb:2   | Killed a royal mummy
 88390 | Tomb:2   | Noticed a royal mummy
 88394 | Tomb:2   | Killed a royal mummy
 88394 | Tomb:2   | Killed a royal mummy
 88396 | Tomb:2   | Killed a royal mummy
 89177 | Tomb:3   | Entered Level 3 of the Tomb of the Ancients
 89180 | Tomb:3   | Noticed a royal mummy
 89181 | Tomb:3   | Noticed a royal mummy
 89181 | Tomb:3   | Noticed a royal mummy
 89182 | Tomb:3   | Noticed a royal mummy
 89182 | Tomb:3   | Noticed a royal mummy
 89183 | Tomb:3   | Killed a royal mummy
 89183 | Tomb:3   | Noticed a royal mummy
 89184 | Tomb:3   | Noticed a royal mummy
 89185 | Tomb:3   | Killed a royal mummy
 89185 | Tomb:3   | Killed a royal mummy
 89186 | Tomb:3   | Killed a royal mummy
 89186 | Tomb:3   | Killed a royal mummy
 89187 | Tomb:3   | Killed a royal mummy
 89187 | Tomb:3   | Killed a royal mummy
 89188 | Tomb:3   | Noticed a royal mummy
 89192 | Tomb:3   | Killed a royal mummy
 89301 | Tomb:3   | Identified the staff of fire "Oroumm" {rF+ Dex+3}
 89302 | Tomb:3   | Identified the +8 demon blade of Fixation {pain, rPois rC+}
 89304 | Tomb:3   | Identified the +8 morningstar "Kaobow" {flame, Int+3}
 89334 | Tomb:3   | Identified the amulet "Ibeuckev" {Spirit rElec Dex+3}
 89362 | Tomb:3   | Identified the +4 demon whip of the Wilderness {flame,
                  | rPois}
 89579 | Tomb:3   | Got a golden rune of Zot
 89702 | Tomb:3   | Identified the staff of earth "Ilory" {Int+2}
 89710 | Tomb:3   | Identified the +11 broad axe of Bright Innocence {protect,
                  | Fly rC+}
 89711 | Tomb:3   | Identified the +1 falchion "Qoretz" {antimagic, rElec
                  | Int+2}
 89716 | Tomb:3   | Identified the +2 scale mail of Fon Mafy {Rampage rElec rC-
                  | Str+3}
 90220 | Depths:3 | Upgraded the game from 0.30-a0-989-g0d87f670db to
                  | 0.30-a0-996-ga6910c8ee8
 90253 | Zig:1    | Entered Level 1 of a ziggurat
 90277 | Zig:2    | Entered Level 2 of a ziggurat
 90301 | Zig:2    | Identified the +1 battleaxe of False Hope {heavy, rPois
                  | Int+2}
 90311 | Zig:3    | Entered Level 3 of a ziggurat
 90371 | Zig:4    | Entered Level 4 of a ziggurat
 90402 | Zig:5    | Entered Level 5 of a ziggurat
 90409 | Zig:5    | Paralysed by an air elemental for 1 turns
 90440 | Zig:5    | Identified the +5 chain mail of Syndicalism {rPois}
 90476 | Zig:6    | Entered Level 6 of a ziggurat
 90480 | Zig:6    | Noticed an ancient lich
 90481 | Zig:6    | Noticed an ancient lich
 90482 | Zig:6    | Noticed an ancient lich
 90482 | Zig:6    | Noticed a dread lich
 90483 | Zig:6    | Noticed an ancient lich
 90485 | Zig:6    | Killed an ancient lich
 90485 | Zig:6    | Killed an ancient lich
 90485 | Zig:6    | Killed an ancient lich
 90485 | Zig:6    | Killed an ancient lich
 90486 | Zig:6    | Killed a dread lich
 90487 | Zig:6    | Found the amulet of the Air {Inacc Air Fly rElec RMsl}
 90518 | Zig:7    | Entered Level 7 of a ziggurat
 90525 | Zig:7    | Noticed Vaates the pandemonium lord
 90529 | Zig:7    | Killed Vaates the pandemonium lord
 90532 | Zig:7    | Found the dreamshard necklace {*Dream Drain}
 90620 | Zig:8    | Entered Level 8 of a ziggurat
 90623 | Zig:8    | Noticed Fafaadel's ghost (legendary DECj)
 90624 | Zig:8    | Noticed Piash's ghost (master OgEE)
 90626 | Zig:8    | Noticed Armakuni's ghost (legendary HuMo)
 90627 | Zig:8    | Noticed Betuluewk's ghost (legendary DESu)
 90630 | Zig:8    | Killed Piash's ghost
 90632 | Zig:8    | Killed Fafaadel's ghost
 90633 | Zig:8    | Killed Betuluewk's ghost
 90642 | Zig:8    | Killed Armakuni's ghost
 90721 | Zig:8    | Acquired the +1 helmet of Xim Xekefre {MP+9}
 90731 | Zig:9    | Entered Level 9 of a ziggurat
 90738 | Zig:9    | Found the +2 hat of the Bear Spirit {Spirit, Bear, *Rage
                  | Will++}
 90767 | Zig:9    | Identified the staff of conjuration "Saafopla" {rElec}
 90768 | Zig:9    | Identified the +0 leather armour of Syndicalism {-Tele
                  | Int+3 Dex+4}
 90778 | Zig:9    | Identified the ring of Uppibb {*Corrode AC+4 Dex+7}
 90795 | Zig:10   | Entered Level 10 of a ziggurat
 90822 | Zig:10   | Identified the +1 pair of boots of Exclusion {rElec rN+
                  | Slay-3}
 90833 | Zig:10   | Identified the +1 quarterstaff of Tain {speed, Dex+3}
 90864 | Zig:11   | Entered Level 11 of a ziggurat
 90869 | Zig:11   | Noticed a juggernaut
 90870 | Zig:11   | Noticed a juggernaut
 90872 | Zig:11   | Killed a juggernaut
 90874 | Zig:11   | Killed a juggernaut
 90913 | Zig:11   | Identified the staff of death "Zeos" {Fragile +Blink rN+
                  | SInv}
 90948 | Zig:12   | Entered Level 12 of a ziggurat
 90959 | Zig:12   | Noticed Duhu the pandemonium lord
 90964 | Zig:12   | Killed Duhu the pandemonium lord
 91029 | Zig:12   | Identified the +7 quarterstaff "Qill" {freeze, rF+ Stlth+}
 91083 | Zig:13   | Entered Level 13 of a ziggurat
 91102 | Zig:13   | Found the +8 frozen axe "Frostbite" {freeze, freezing
                  | cloud, *Noise Fly rC+}
 91157 | Zig:13   | Identified the staff of death "Capsug" {rN+ Str+2}
 91212 | Zig:14   | Entered Level 14 of a ziggurat
 91219 | Zig:14   | Noticed a juggernaut
 91220 | Zig:14   | Killed a juggernaut
 91226 | Zig:14   | Found the +3 pair of mountain boots {steadfast, rC+}
 91249 | Zig:14   | Identified the ring "Ujyt" {rCorr AC+4 SInv}
 91260 | Zig:14   | Identified the amulet "Xiokoh Fuku" {Regen+ Int+2}
 91267 | Zig:14   | Identified the +6 battleaxe "Fetopava" {heavy, Drain +Blink
                  | rC+}
 91273 | Zig:14   | Identified the +0 robe "Daideuj" {Will+ Dex+3 Slay+2}
 91279 | Zig:14   | Identified the amulet of Xurphuzya {Reflect rElec Str-4
                  | Int+4 SH+5}
 91321 | Zig:15   | Entered Level 15 of a ziggurat
 91419 | Zig:15   | Identified the +6 leather armour of Distant Worlds {Will+}
 91420 | Zig:15   | Identified the +2 chain mail of Qewkao {rN+ Stlth+}
 91422 | Zig:15   | Identified the staff of earth "Vuihompu" {Fly rPois rF+
                  | Dex-4}
 91465 | Zig:16   | Entered Level 16 of a ziggurat
 91542 | Zig:16   | Identified the staff of fire "Foymes" {Fly rElec rF+ Str-4
                  | Int+4}
 91561 | Zig:17   | Entered Level 17 of a ziggurat
 91614 | Zig:17   | Identified the +6 ice dragon scales of Honesty {rF- rC++
                  | Str+3}
 91678 | Zig:18   | Entered Level 18 of a ziggurat
 91699 | Zig:18   | Found the +2 Maxwell's thermic engine {flame, freeze, rev}
 91785 | Zig:18   | Identified the +7 dagger "Laf Noi" {heavy, rElec rF+ Str+2
                  | Int-4}
 91807 | Zig:18   | Identified the +7 great sword "Ywoifab" {freeze, *Noise
                  | Str+2 Int+2}
 91859 | Zig:19   | Entered Level 19 of a ziggurat
 91862 | Zig:19   | Noticed an ancient lich
 91863 | Zig:19   | Noticed an ancient lich
 91864 | Zig:19   | Noticed an ancient lich
 91865 | Zig:19   | Noticed an ancient lich
 91866 | Zig:19   | Noticed an ancient lich
 91866 | Zig:19   | Noticed a dread lich
 91867 | Zig:19   | Killed an ancient lich
 91867 | Zig:19   | Killed an ancient lich
 91867 | Zig:19   | Noticed an ancient lich
 91868 | Zig:19   | Noticed a dread lich
 91868 | Zig:19   | Killed an ancient lich
 91868 | Zig:19   | Killed an ancient lich
 91868 | Zig:19   | Noticed an ancient lich
 91869 | Zig:19   | Noticed a dread lich
 91869 | Zig:19   | Killed a dread lich
 91869 | Zig:19   | Killed an ancient lich
 91872 | Zig:19   | Killed an ancient lich
 91872 | Zig:19   | Killed a dread lich
 91873 | Zig:19   | Killed a dread lich
 91873 | Zig:19   | Killed an ancient lich
 91880 | Zig:19   | Found the ring of the Hare {EV+10}
 91905 | Zig:19   | Identified the +5 rapier of Tifociut {freeze, rElec Stlth+}
 91906 | Zig:19   | Identified the ring of the Spinneret {rF+ rC- Will+ Str+3
                  | Dex+5}
 91910 | Zig:19   | Identified the ring "Voeruuna" {Ice *Corrode Fly rElec
                  | Int+6}
 91912 | Zig:19   | Identified the +1 longbow of Uncomfortable Rashes {flame,
                  | rPois rF+ Int+3}
 91915 | Zig:19   | Identified the +7 glaive of Cyibyw {vamp, Int+6}
 91935 | Zig:19   | Identified the +6 flail of Defence by Offence {holy, Contam
                  | Str+8 Dex-2 Stlth+}
 91958 | Zig:20   | Entered Level 20 of a ziggurat
 91967 | Zig:20   | Noticed an ancient lich
 91967 | Zig:20   | Noticed a dread lich
 91967 | Zig:20   | Noticed an ancient lich
 91969 | Zig:20   | Noticed a dread lich
 91969 | Zig:20   | Noticed a dread lich
 91969 | Zig:20   | Noticed a dread lich
 91971 | Zig:20   | Noticed an ancient lich
 91971 | Zig:20   | Killed a dread lich
 91971 | Zig:20   | Killed a dread lich
 91971 | Zig:20   | Noticed an ancient lich
 91973 | Zig:20   | Killed an ancient lich
 91973 | Zig:20   | Killed an ancient lich
 91973 | Zig:20   | Killed a dread lich
 91973 | Zig:20   | Killed an ancient lich
 91973 | Zig:20   | Killed a dread lich
 91974 | Zig:20   | Killed an ancient lich
 91974 | Zig:20   | Noticed an ancient lich
 91975 | Zig:20   | Found the +3 warlock's mirror {omnireflect}
 91976 | Zig:20   | Noticed a dread lich
 91979 | Zig:20   | Killed an ancient lich
 91980 | Zig:20   | Killed a dread lich
 92014 | Zig:20   | Identified the +11 long sword "Vovuymoude" {protect,
                  | Fragile rF++}
 92015 | Zig:20   | Identified the ring "Jikloiq" {Wiz Will+ Dex+8}
 92017 | Zig:20   | Identified the staff of air "Meestal" {rElec Int+4}
 92046 | Zig:20   | Identified the ring "Jusauth" {rPois rF+ rC++ Will+}
 92054 | Zig:20   | Identified the +7 short sword of Extremism {freeze, rC++
                  | Int+3 Dex+2}
 92070 | Zig:20   | Identified the staff of cold "Geolacre" {Contam Fly rC+
                  | rCorr Int+3}
 92077 | Zig:20   | Identified the +8 arbalest "Xewiof Jecw" {penet, rN+ SInv
                  | Stlth+}
 92180 | Zig:21   | Entered Level 21 of a ziggurat
 92191 | Zig:21   | Noticed an ancient lich
 92192 | Zig:21   | Noticed an ancient lich
 92193 | Zig:21   | Noticed a dread lich
 92196 | Zig:21   | Noticed a dread lich
 92196 | Zig:21   | Killed an ancient lich
 92196 | Zig:21   | Killed an ancient lich
 92200 | Zig:21   | Killed a dread lich
 92201 | Zig:21   | Killed a dread lich
 92202 | Zig:21   | Found the +6 shillelagh "Devastator" {shatter}
 92204 | Zig:21   | Found the +4 consecrated labrys {holy, Valiant Fragile Fly
                  | SInv}
 92227 | Zig:21   | Identified the +7 chain mail "Oghen" {rC++}
 92231 | Zig:21   | Identified the +3 trident of Leimej {freeze, Dex+2}
 92249 | Zig:21   | Identified the +0 shortbow of the Firefly {flame, rF- rC+
                  | Str+2}
 92338 | Zig:22   | Entered Level 22 of a ziggurat
 92355 | Zig:22   | Noticed a dread lich
 92360 | Zig:22   | Killed a dread lich
 92375 | Zig:22   | Noticed an ancient lich
 92378 | Zig:22   | Killed an ancient lich
 92515 | Zig:22   | Identified the +5 great sword "Upnot" {flame, Str+2 SInv
                  | Stlth-}
 92516 | Zig:22   | Identified the +8 broad axe of Blood-Lust {vamp, Will+
                  | Int+4}
 92522 | Zig:22   | Identified the staff of death "Ocsuk" {rElec rN+ Str+2
                  | Dex-5}
 92528 | Zig:22   | Identified the staff of air "Zokadewn" {Fly rElec rF+ rC-
                  | rCorr}
 92529 | Zig:22   | Identified the +0 ring mail of Inuweg {*Slow rN+++ Will+
                  | Str-3}
 92530 | Zig:22   | Identified the +0 robe of the Catamount {+Inv rElec Str-5
                  | Stlth+}
 92573 | Zig:23   | Entered Level 23 of a ziggurat
 92646 | Zig:23   | Identified the +0 pair of boots of Claustrophobia {Rampage
                  | rC++}
 92655 | Zig:23   | Identified the ring of Waun {rN+ Will+++ Int+6 Dex-2 SInv}
 92675 | Zig:23   | Identified the +0 pair of gloves of Yredelemnul's Envy
                  | {Harm Will- Str+2}
 92679 | Zig:23   | Identified the +7 scimitar "Hiecaczy" {vamp, rN+ Will+
                  | Int+2}
 92720 | Zig:23   | Acquired 610 gold pieces
 92748 | Zig:23   | Identified the +6 morningstar of Ashenzari's Delight
                  | {freeze, Will+ Int+2}
 92773 | Zig:23   | Identified the +6 dagger "Zoenom" {flame, *Slow rElec Int+3
                  | Stlth+}
 92817 | Zig:24   | Entered Level 24 of a ziggurat
 92822 | Zig:24   | Noticed Sayfri's ghost (legendary DrTm)
 92824 | Zig:24   | Noticed Jiheses's ghost (legendary DEAE)
 92824 | Zig:24   | Noticed Neapotai's ghost (veteran DsMo)
 92824 | Zig:24   | Noticed Yllipt's ghost (legendary GnWr)
 92824 | Zig:24   | Noticed Jiheses's ghost (legendary DEAE)
 92824 | Zig:24   | Noticed Yllipt's ghost (legendary GnWr)
 92824 | Zig:24   | Noticed Qatt's ghost (legendary GnWn)
 92824 | Zig:24   | Noticed Piash's ghost (master OgEE)
 92824 | Zig:24   | Noticed Has Pue's ghost (legendary FoFi)
 92824 | Zig:24   | Noticed Betuluewk's ghost (legendary DESu)
 92824 | Zig:24   | Noticed Qatt's ghost (legendary GnWn)
 92824 | Zig:24   | Noticed Piash's ghost (master OgEE)
 92824 | Zig:24   | Noticed Qatt's ghost (legendary GnWn)
 92824 | Zig:24   | Noticed Jiheses's ghost (legendary DEAE)
 92824 | Zig:24   | Noticed Zycouta's ghost (legendary DrTm)
 92824 | Zig:24   | Noticed Diylu's ghost (veteran DsCj)
 92824 | Zig:24   | Noticed Diylu's ghost (veteran DsCj)
 92824 | Zig:24   | Noticed Zycouta's ghost (legendary DrTm)
 92824 | Zig:24   | Noticed Diylu's ghost (veteran DsCj)
 92825 | Zig:24   | Noticed Neapotai's ghost (veteran DsMo)
 92825 | Zig:24   | Noticed Has Pue's ghost (legendary FoFi)
 92825 | Zig:24   | Noticed Jiheses's ghost (legendary DEAE)
 92825 | Zig:24   | Noticed Has Pue's ghost (legendary FoFi)
 92825 | Zig:24   | Noticed Poalor's ghost (legendary GnWn)
 92825 | Zig:24   | Noticed Betuluewk's ghost (legendary DESu)
 92825 | Zig:24   | Noticed Sayfri's ghost (legendary DrTm)
 92825 | Zig:24   | Noticed Tefur's ghost (legendary GnFi)
 92825 | Zig:24   | Noticed Piash's ghost (master OgEE)
 92825 | Zig:24   | Noticed Hiz Mun's ghost (veteran MfGl)
 92825 | Zig:24   | Noticed Jataj's ghost (legendary GrFi)
 92825 | Zig:24   | Found the +3 Mad Mage's Maulers {Infuse+∞ VampMP -Cast}
 92826 | Zig:24   | Killed Piash's ghost
 92826 | Zig:24   | Killed Piash's ghost
 92826 | Zig:24   | Killed Piash's ghost
 92828 | Zig:24   | Killed Has Pue's ghost
 92828 | Zig:24   | Killed Jiheses's ghost
 92828 | Zig:24   | Killed Diylu's ghost
 92828 | Zig:24   | Killed Jiheses's ghost
 92828 | Zig:24   | Killed Has Pue's ghost
 92828 | Zig:24   | Killed Yllipt's ghost
 92828 | Zig:24   | Killed Qatt's ghost
 92828 | Zig:24   | Killed Jiheses's ghost
 92828 | Zig:24   | Killed Tefur's ghost
 92828 | Zig:24   | Killed Diylu's ghost
 92829 | Zig:24   | Killed Diylu's ghost
 92829 | Zig:24   | Killed Qatt's ghost
 92829 | Zig:24   | Killed Jiheses's ghost
 92829 | Zig:24   | Killed Neapotai's ghost
 92829 | Zig:24   | Killed Hiz Mun's ghost
 92829 | Zig:24   | Killed Has Pue's ghost
 92829 | Zig:24   | Killed Neapotai's ghost
 92830 | Zig:24   | Killed Betuluewk's ghost
 92830 | Zig:24   | Killed Betuluewk's ghost
 92830 | Zig:24   | Killed Qatt's ghost
 92830 | Zig:24   | Killed Jataj's ghost
 92831 | Zig:24   | Killed Poalor's ghost
 92833 | Zig:24   | Killed Zycouta's ghost
 92834 | Zig:24   | Killed Zycouta's ghost
 92836 | Zig:24   | Killed Sayfri's ghost
 92839 | Zig:24   | Killed Sayfri's ghost
 92846 | Zig:24   | Killed Yllipt's ghost
 92919 | Zig:24   | Identified the staff of fire "Selodwine" {rPois rF+ Str-4
                  | Stlth+}
 92934 | Zig:24   | Identified the +7 quarterstaff of Esheor {freeze, rF+
                  | Str+4}
 92942 | Zig:24   | Identified the +1 shortbow of Cecud {drain, Stlth+}
 93026 | Zig:25   | Entered Level 25 of a ziggurat
 93030 | Zig:25   | Noticed a juggernaut
 93030 | Zig:25   | Noticed a juggernaut
 93032 | Zig:25   | Noticed a juggernaut
 93035 | Zig:25   | Killed a juggernaut
 93035 | Zig:25   | Killed a juggernaut
 93038 | Zig:25   | Killed a juggernaut
 93229 | Zig:25   | Identified the +2 pair of gloves of Vexation {Str+5 Stlth-}
 93234 | Zig:25   | Identified the staff of conjuration "Risam" {rF- rN+++
                  | rCorr MP+9}
 93235 | Zig:25   | Identified the +11 falchion "Killer Klown's Regret" {drain,
                  | *Slow rN+++ Int+4}
 93242 | Zig:25   | Identified the +5 sling "Pel Kid" {antimagic, Contam +Blink
                  | rCorr}
 93244 | Zig:25   | Identified the ring "Wore" {Will+ Int+2}
 93358 | Zig:26   | Entered Level 26 of a ziggurat
 93422 | Zig:26   | Identified the +0 short sword of an ice cave {flame, Will+}
 93443 | Zig:26   | Identified the +9 battleaxe "Xegotis" {heavy, rElec}
 93471 | Zig:26   | Identified the +8 falchion of Pugappai {pain, rElec rPois
                  | Will-}
 93584 | Zig:26   | Acquired 516 gold pieces
 93592 | Zig:27   | Entered Level 27 of a ziggurat
 93605 | Zig:27   | Found the +3 pair of gauntlets of War {Slay+5}
 93661 | Zig:27   | Identified the ring of Acros {rF- rC+ rN++ Will+ Dex+3}
 93671 | Zig:27   | Identified the staff of earth "Ulabaed" {Int+4}
 93672 | Zig:27   | Identified the staff of earth "Igokh" {Fragile rElec rC+
                  | rCorr}
 93681 | Zig:27   | Identified the +0 shadow dragon scales of Shadows and Fog
                  | {Dex+2 Stlth++++}
 93687 | Zig:27   | Identified the staff of conjuration "Letiur" {rF+ rN+ rCorr
                  | Dex-2}
 94741 | Zot:2    | Identified the +0 leather armour "Etex Haus" {+Inv Dex+3}
 94753 | Zot:2    | Found a transporter.
 94849 | Zot:2    | Identified the +1 helmet of Happy Babbling {rElec Str+4}
 95261 | Zot:2    | Identified the +6 hand axe "Killer Bee's Doom" {freeze,
                  | rPois Dex+5}
 95322 | Zot:2    | Found a transporter.
 95711 | Zot:2    | Noticed a dread lich
 95714 | Zot:2    | Noticed an ancient lich
 95717 | Zot:2    | Killed a dread lich
 95724 | Zot:2    | Killed an ancient lich
 95821 | Zot:2    | Identified the ring of Etrixet {rCorr Str+4 Int+4}
 95829 | Zot:2    | Identified the amulet "Nuix" {Reflect Rampage Will- Int-4
                  | SH+5 SInv}
 96964 | Zot:4    | Noticed Parghit
 96968 | Zot:4    | Killed Parghit
 97603 | Zot:5    | Entered Level 5 of the Realm of Zot
 97943 | Zot:5    | Noticed an orb of fire
 97944 | Zot:5    | Noticed a dread lich
 97947 | Zot:5    | Killed a dread lich
 97948 | Zot:5    | Killed an orb of fire
 97954 | Zot:5    | Noticed an orb of fire
 97954 | Zot:5    | Noticed an orb of fire
 97962 | Zot:5    | Killed an orb of fire
 97967 | Zot:5    | Killed an orb of fire
 97969 | Zot:5    | Noticed an orb of fire
 97974 | Zot:5    | Noticed an orb of fire
 98034 | Zot:5    | Noticed an orb of fire
 98042 | Zot:5    | Killed an orb of fire
 98182 | Zot:5    | Killed an orb of fire
 98213 | Zot:5    | Noticed an orb of fire
 98217 | Zot:5    | Killed an orb of fire
 98297 | Zot:5    | Noticed an ancient lich
 98320 | Zot:5    | Killed an ancient lich
 98432 | Zot:5    | Noticed an orb of fire
 98436 | Zot:5    | Killed an orb of fire
 98443 | Zot:5    | Noticed a dread lich
 98446 | Zot:5    | Killed a dread lich
 98495 | Zot:5    | Gained mutation: You are agile. (Dex +4, Str/Int -1) [an
                  | orb of fire]
 98497 | Zot:5    | Gained mutation: You are weak. (Str -2) [an orb of fire]
 98499 | Zot:5    | Killed an orb of fire
 98524 | Zot:5    | Gained mutation: You sometimes lose your temper in combat.
                  | [mutagenic glow]
 98543 | Zot:5    | Gained mutation: You are very weak. (Str -4) [mutagenic
                  | glow]
 98912 | Zot:5    | Lost mutation: You sometimes lose your temper in combat.
                  | [potion of mutation]
 98912 | Zot:5    | Lost mutation: You are very weak. (Str -4) [potion of
                  | mutation]
 98912 | Zot:5    | Gained mutation: Your spells are a little easier to cast,
                  | but a little less powerful. [potion of mutation]
 98912 | Zot:5    | Gained mutation: You have supernaturally acute eyesight.
                  | (SInv) [potion of mutation]
 98912 | Zot:5    | Gained mutation: You have an increased reservoir of magic.
                  | (+10% MP) [potion of mutation]
 98913 | Zot:5    | Lost mutation: You have an increased reservoir of magic.
                  | (+10% MP) [potion of mutation]
 98913 | Zot:5    | Lost mutation: Your spells are a little easier to cast, but
                  | a little less powerful. [potion of mutation]
 98913 | Zot:5    | Gained mutation: You sometimes lose your temper in combat.
                  | [potion of mutation]
 98913 | Zot:5    | Lost mutation: You have large cloven feet. [potion of
                  | mutation]
 98913 | Zot:5    | Gained mutation: Your movements are slightly less
                  | encumbered by armour. (ER -2) [potion of mutation]
 98913 | Zot:5    | Gained mutation: You have hidden genetic potential. [potion
                  | of mutation]
 98914 | Zot:5    | Lost mutation: You have hidden genetic potential. [potion
                  | of mutation]
 98914 | Zot:5    | Lost mutation: Your mind is acute. (Int +4, Str/Dex -1)
                  | [potion of mutation]
 98914 | Zot:5    | Lost mutation: You are strong-willed. (Will+) [potion of
                  | mutation]
 98914 | Zot:5    | Gained mutation: Your body sometimes deteriorates upon
                  | taking damage. [potion of mutation]
 98914 | Zot:5    | Gained mutation: You passively map a small area around you.
                  | [potion of mutation]
 98915 | Zot:5    | Lost mutation: Your body sometimes deteriorates upon taking
                  | damage. [potion of mutation]
 98915 | Zot:5    | Lost mutation: You are weak. (Str -2) [potion of mutation]
 98915 | Zot:5    | Gained mutation: Your muscles are strong. (Str +4, Int/Dex
                  | -1) [potion of mutation]
 98916 | Zot:5    | Lost mutation: Your muscles are strong. (Str +4, Int/Dex
                  | -1) [potion of mutation]
 98916 | Zot:5    | Lost mutation: You have supernaturally acute eyesight.
                  | (SInv) [potion of mutation]
 98916 | Zot:5    | Lost mutation: You passively map a small area around you.
                  | [potion of mutation]
 98916 | Zot:5    | Lost mutation: Your movements are slightly less encumbered
                  | by armour. (ER -2) [potion of mutation]
 98916 | Zot:5    | Gained mutation: Your spells are a little harder to cast,
                  | but a little more powerful. [potion of mutation]
 98917 | Zot:5    | Lost mutation: You sometimes lose your temper in combat.
                  | [potion of mutation]
 98917 | Zot:5    | Lost mutation: You are agile. (Dex +4, Str/Int -1) [potion
                  | of mutation]
 98917 | Zot:5    | Lost mutation: Your spells are a little harder to cast, but
                  | a little more powerful. [potion of mutation]
 98917 | Zot:5    | Gained mutation: Your body sometimes deteriorates upon
                  | taking damage. [potion of mutation]
 98917 | Zot:5    | Gained mutation: You are agile. (Dex +4, Str/Int -1)
                  | [potion of mutation]
 98917 | Zot:5    | Gained mutation: Your muscles are strong. (Str +4, Int/Dex
                  | -1) [potion of mutation]
 98918 | Zot:5    | Lost mutation: Your muscles are strong. (Str +4, Int/Dex
                  | -1) [potion of mutation]
 98918 | Zot:5    | Lost mutation: You are agile. (Dex +4, Str/Int -1) [potion
                  | of mutation]
 98918 | Zot:5    | Lost mutation: Your body sometimes deteriorates upon taking
                  | damage. [potion of mutation]
 98918 | Zot:5    | Gained mutation: You have a pair of small antennae on your
                  | head. [potion of mutation]
 99251 | Zot:5    | Got the Orb of Zot
 99267 | Zot:5    | Noticed Nialah the pandemonium lord
 99272 | Zot:5    | Killed Nialah the pandemonium lord
 99759 | D:$      | Escaped with the Orb!

Illustrated notes

Levels and vault maps discovered:
D:1:      heliophobic_arrival_enchanted_forest, layout_basic,
          minmay_close_crescents
D:2:      kennysheep_six_static_rooms, layout_basic, basic_altar
D:3:      corexii_shack_village, layout_basic, minitemple, uniq_robin
D:4:      layout_basic, vehumet_statue
D:5:      layout_loops_cross, hex_tiny, minmay_mini_ossuary
D:6:      layout_basic, lemuel_tele_altar, serial_rivers,
          chequers_serial_rivers_large_a, chequers_serial_rivers_small_3,
          chequers_serial_rivers_micro_d, chequers_serial_rivers_micro_c,
          chequers_serial_rivers_micro_c, kennysheep_another_room
D:7:      layout_cave_pods, amcnicky_altar_gilded,
          mainiacjoe_overflow_cross_hatched, gammafunk_temple_overflow_wave,
          temple_green
D:8:      layout_gridville, david_defended_altar_orc
D:9:      layout_small_grid, mainiacjoe_overflow_alcove_2, orc_0_dummy
D:10:     layout_basic
D:11:     layout_cave_pools, hellmonk_lair_entry_icy, serial_shops, shop,
          minmay_librarian
D:12:     layout_roguey
D:13:     layout_rooms, david_vaults_2, serial_shops, nicolae_shop_crystal,
          nicolae_take_the_stairs, shop, shop, nicolae_stop_n_shop_2
D:14:     layout_basic, nicolae_trove_entry_diagonal,
          nemelex_diamond_rough_becter
D:15:     grunt_enter_depths_hoard, layout_layer_cave, serial_bayou_pond_a
Temple:   compressed_dpeg_triangle_lava_temple
Lair:1:   layout_small_grid, amcnicky_mini_pool_medium
Lair:2:   layout_gridlike, nicolae_shoals_entry_roost,
          nicolae_spider_entry_lesser_pyramids, basic_altar
Lair:3:   beast_lair_carwin_large_3, layout_chaotic_city
Lair:4:   layout_loops_ring
Lair:5:   evilmike_catoblepas_cave, layout_loops_ring,
          dpeg_slime_entry_enclosed, special_room [special_room_bee],
          gammafunk_ghost_hive, minivault_27, serial_bayou_pond_b,
          gammafunk_lair_bear_cave
Shoals:1: layout_shoals
Shoals:2: layout_shoals, nicolae_shoals_pincushion_passage, uniq_polyphemus,
          uniq_ilsuiw
Shoals:3: layout_shoals, uniq_roxanne
Shoals:4: shoals_end_hellmonk_storm_palace [storm_palace_center_circular,
          storm_palace_corner_narrow, storm_palace_corner_blocked,
          storm_palace_corner_reverse_hut, storm_palace_corner_reverse_hut]
Spider:1: layout_spider_delve, hangedman_spider_tarantella_strand,
          uniq_mlioglotl, uniq_louise, uniq_kirke
Spider:2: layout_cave_pods
Spider:3: lemuel_spider_zombies, uniq_arachne
Spider:4: hellmonk_spider_rune_bug_friends, uniq_aizul, uniq_donald,
          uniq_asterion
Slime:1:  layout_caves
Slime:2:  layout_caves
Slime:3:  layout_caves
Slime:4:  layout_caves
Slime:5
Orc:1:    layout_diamond_mine, basic_altar, serial_shops, nicolae_shop_trees,
          uniq_sonja, uniq_erolcha, uniq_nergalle, uniq_maurice, uniq_gastronok
Orc:2:    st_orc_ogre_mass, layout_caves, portal_ice_cave_entry_imps,
          serial_shops, nicolae_square_shop, nicolae_shop_gadgets, uniq_azrael
Elf:1:    nicolae_elf_arrival_fired_up, layout_gridlike, minmay_elf_sorcery,
          minmay_shop_grove, grunt_megastairs_4
Elf:2:    nicolae_elf_blades_splatter_lattice [nicolae_blade_tridents],
          layout_geoelf_octagon, serial_shops, shop_fountains,
          serial_sigils_hangedman_stare, drop_trap, uniq_nikola
Elf:3:    minmay_elf_hall_not_hex, layout_geoelf_grid, serial_shops, shop,
          nicolae_shop_waterfront, gammafunk_ghost_tricky_traps,
          patterned_corridor, minmay_shoptagon
Vaults:1: ontoclasm_vaults_spin, door_vault, nicolae_vaults_little_ls,
          v_misc_18, ontoclasm_vaults_bender, vaults_room_boxed,
          dpeg_vaults_monster_row, grunt_vaults_twisty, vaults_room_pool,
          hangedman_vaults_stagger, nicolae_vaults_angled_halls,
          grunt_vaults_diagonal, serial_ice_b, layout_vaults_ring
Vaults:2: hangedman_vaults_slice, hangedman_vaults_nails,
          nicolae_vaults_little_squares_6, nicolae_vaults_three_branches,
          nicolae_vaults_statue_guard, hangedman_vaults_slice,
          vaults_dpeg_hooks, vaults_room_large_hall, v_alt_pattern_3,
          nicolae_vaults_ring_of_whatevers, nicolae_vaults_gold_heap,
          nicolae_vaults_yaktaur_gun_rack, layout_vaults_omnigrid, uniq_margery
Vaults:3: ontoclasm_vaults_gateway, blue_anna_dwarven_crypt,
          grunt_vaults_funneled_arena, nicolae_vaults_diagonal_hallway_9,
          nicolae_vaults_circle_grid_a, vaults_room_pools,
          nicolae_vaults_sealed_display, ontoclasm_vaults_idyll,
          nicolae_vaults_network_star, ontoclasm_vaults_shuriken,
          nicolae_vaults_little_squares_2, v_misc_1, v_pattern_2, v_misc_28,
          vaults_room_ringed_pool, nicolae_vaults_little_squares_1,
          nicolae_vaults_mini_display_case, layout_vaults_omnibox, uniq_xtahua
Vaults:4: v_misc_17, nicolae_vaults_circle_grid_a,
          nicolae_vaults_little_squares_3, nicolae_vaults_alarming,
          nicolae_vaults_branching_niches, v_misc_14,
          nicolae_vaults_network_barrier, nicolae_vaults_border_crossing,
          hangedman_vaults_trim, vaults_room_pool, grunt_vaults_bifocal,
          hangedman_vaults_restitches, layout_vaults_maze_bifur
Vaults:5: serial_shops
Crypt:1:  layout_gridlike, minivault_4, chequers_big_river, grunt_ministairs_13
Crypt:2:  layout_misc_corridors, moated_statue
Crypt:3:  david_glass_crypt, layout_chaotic_city, corner_web_ring
Tomb:1
Tomb:2
Tomb:3
Depths:1: layout_gridville, pan_entry, hell_entry, yredelemnul_altar_generic,
          grunt_ministairs_15, hangedman_aviary, grunt_megastairs_3,
          uniq_saint_roka, uniq_mara
Depths:2: minmay_stepped, layout_long_grid, pf_vacation_house_of_asmodeus,
          rand_demon_pan_entry_7, hangedman_abyss_or_decor_lesser_grid,
          abyss_entry, drop_trap
Depths:3: minmay_octagon_keep, layout_basic, enter_ziggurat_d,
          lemuel_blue_sif_altar, hangedman_abyss_entry_splay, hell_entry,
          minmay_shop_star, infiniplex_staircase_zigzag_5
Depths:4: grunt_zot_entry_funnels, layout_cave_pools, grunt_mini_vestibule,
          abyss_entry, drop_trap
Hell
Zot:1:    layout_cathedral_of_symmetry, ebering_ghost_xom
Zot:2:    gammafunk_dig_for_victory, layout_gridlike, st_stairs_11
Zot:3:    nicolae_moth_party, layout_basic, grunt_ministairs_7
Zot:4:    layout_basic, grunt_megastairs_2, uniq_parghit
Zot:5:    layout_misc_corridors

Skill      XL: |  1  2  3  4  5  6  7  8  9 10 11 12 13 14 15 16 17 18 19 20 21 22 23 24 25 26 27 |
---------------+----------------------------------------------------------------------------------+-----
Invocations    | 1 2 3 4 5 6 7 8 10 11 12 13 14 15 16 17 18 19 20 27 | 27.0
Short Blades   | 1 2 3 5 6 7 8 9 10 11 12 13 14 15 16 17 18 27 | 27.0
Long Blades    | 1 2 3 5 6 7 8 9 10 11 12 13 14 15 16 17 18 27 | 27.0
Maces & Flails | 1 2 3 5 6 7 8 9 10 11 12 13 14 15 16 17 18 27 | 27.0
Polearms       | 1 2 3 5 6 7 8 9 10 11 12 13 14 15 16 17 18 27 | 27.0
Staves         | 1 2 3 5 6 7 8 9 10 11 12 13 14 15 16 17 18 27 | 27.0
Ranged Weapons | 1 2 3 5 6 7 8 9 10 11 12 13 14 15 16 17 18 27 | 27.0
Throwing       | 1 2 3 5 6 7 8 9 10 11 12 13 14 15 16 17 18 27 | 27.0
Dodging        | 1 2 3 5 6 7 8 9 10 11 12 13 14 15 16 17 18 27 | 27.0
Stealth        | 1 2 3 5 6 7 8 9 10 11 12 13 14 15 16 17 18 27 | 27.0
Unarmed Combat | 1 2 3 5 6 7 8 9 10 11 12 13 14 15 16 17 18 27 | 27.0
Spellcasting   | 1 2 3 5 6 7 8 9 10 11 12 13 14 15 16 17 18 27 | 27.0
Evocations     | 1 2 3 5 6 7 8 9 10 11 12 13 14 15 16 17 18 27 | 27.0
Conjurations   | 1 2 3 4 5 6 7 8 9 10 11 12 13 14 15 27 | 27.0
Hexes          | 1 2 3 4 5 6 7 8 9 10 11 12 13 14 15 27 | 27.0
Summonings     | 1 2 3 4 5 6 7 8 9 10 11 12 13 14 15 27 | 27.0
Necromancy     | 1 2 3 4 5 6 7 8 9 10 11 12 13 14 15 27 | 27.0
Translocations | 1 2 3 4 5 6 7 8 9 10 11 12 13 14 15 27 | 27.0
Transmutations | 1 2 3 4 5 6 7 8 9 10 11 12 13 14 15 27 | 27.0
Fire Magic     | 1 2 3 4 5 6 7 8 9 10 11 12 13 14 15 27 | 27.0
Ice Magic      | 1 2 3 4 5 6 7 8 9 10 11 12 13 14 15 27 | 27.0
Air Magic      | 1 2 3 4 5 6 7 8 9 10 11 12 13 14 15 27 | 27.0
Earth Magic    | 1 2 3 4 5 6 7 8 9 10 11 12 13 14 15 16 17 18 19 27 | 27.0
Poison Magic   | 1 2 3 4 5 6 7 8 9 10 11 12 13 14 15 27 | 27.0
Axes           | 5 6 7 8 9 10 11 12 13 14 15 16 17 18 19 27 | 27.0
Fighting       | 7 8 9 10 11 12 13 14 15 16 17 18 19 20 21 27 | 27.0
Armour         | 7 8 9 10 11 12 13 14 15 16 17 18 19 27 | 27.0
Shields        | 7 8 9 10 11 12 13 14 15 16 17 18 19 27 | 27.0

Action                     |  1- 3 |  4- 6 |  7- 9 | 10-12 | 13-15 | 16-18 | 19-21 | 22-24 | 25-27 || total
---------------------------+-------+-------+-------+-------+-------+-------+-------+-------+-------++-------
  Melee: War axe           |    78 |    55 |       |   146 |   634 |   131 |   819 |  1321 |   219 ||  3403
         Bite              |     7 |    22 |    43 |    79 |   137 |   178 |   224 |   282 |   418 ||  1390
         Trident           |       |   170 |   302 |   392 |   154 |       |       |       |       ||  1018
         Demon blade       |       |       |       |       |   107 |   913 |    49 |       |  1052 ||  2121
         Quick blade       |       |       |       |       |    14 |     1 |   205 |       |    24 ||   244
         Eveningstar       |       |       |       |       |       |       |       |    58 |       ||    58
         Staff             |       |       |       |       |       |       |       |       |   583 ||   583
         Broad axe         |       |       |       |       |       |       |       |       |    47 ||    47
         Double sword      |       |       |       |       |       |       |       |       |     6 ||     6
         Kick              |       |       |       |       |       |       |       |       |     1 ||     1
   Fire: Hand crossbow     |       |       |       |       |       |     4 |       |       |       ||     4
  Throw: Throwing net      |       |       |       |       |       |     2 |       |       |       ||     2
   Cast: Ignite Poison     |       |       |       |    16 |    68 |    14 |    44 |    56 |    17 ||   215
         Manifold Assault  |       |       |       |     2 |    62 |    48 |       |   103 |    76 ||   291
         Ozocubu's Armour  |       |       |       |       |     3 |       |       |       |       ||     3
         Freezing Cloud    |       |       |       |       |     8 |   110 |    15 |    11 |       ||   144
         Lee's Rapid Decon |       |       |       |       |     7 |     5 |     4 |     5 |    10 ||    31
         Statue Form       |       |       |       |       |     3 |    36 |    66 |    83 |    72 ||   260
         Airstrike         |       |       |       |       |       |    73 |    14 |    45 |     5 ||   137
         Ozocubu's Refrige |       |       |       |       |       |    14 |    34 |    69 |    89 ||   206
         Ignition          |       |       |       |       |       |       |       |       |   273 ||   273
         Necromutation     |       |       |       |       |       |       |       |       |    96 ||    96
         Lehudib's Crystal |       |       |       |       |       |       |       |       |     5 ||     5
         Shatter           |       |       |       |       |       |       |       |       |   536 ||   536
         Polar Vortex      |       |       |       |       |       |       |       |       |   141 ||   141
         Fire Storm        |       |       |       |       |       |       |       |       |    38 ||    38
         Sublimation of Bl |       |       |       |       |       |       |       |       |     4 ||     4
         Blink             |       |       |       |       |       |       |       |       |     2 ||     2
 Invoke: Slouch            |       |       |       |       |     3 |     2 |       |     6 |     1 ||    12
         Step From Time    |       |       |       |       |     1 |       |     1 |     2 |     2 ||     6
Ability: End Transformatio |       |       |       |       |       |     1 |       |       |     9 ||    10
  Evoke: Wand              |       |       |       |    12 |    18 |     3 |     1 |       |     7 ||    41
         Figurine of a zig |       |       |       |       |       |       |       |       |     5 ||     5
    Use: Scroll            |       |       |    12 |    15 |    15 |     8 |    12 |     1 |   100 ||   163
         Potion            |       |       |       |     1 |     7 |     1 |     3 |     3 |    96 ||   111
   Stab: Sleeping          |       |       |       |       |     5 |    16 |    12 |     5 |    12 ||    50
         Invisible         |       |       |       |       |     2 |       |       |       |       ||     2
         Distracted        |       |       |       |       |     1 |     3 |     3 |     2 |     1 ||    10
         Petrified         |       |       |       |       |       |     2 |     2 |       |       ||     4
 Armour: Scale mail        |    45 |    68 |       |       |       |       |       |       |       ||   113
         Plate armour      |       |    69 |   150 |   211 |   243 |       |       |       |       ||   673
         Leather armour    |       |       |       |       |    14 |   101 |    25 |    27 |    12 ||   179
         Skin              |       |       |       |       |     2 |   122 |   317 |   365 |   137 ||   943
         Robe              |       |       |       |       |       |       |       |       |   121 ||   121
         Chain mail        |       |       |       |       |       |       |       |       |   340 ||   340
  Dodge: Dodged            |    35 |   102 |    85 |   405 |   733 |   914 |  1183 |  1194 |  3021 ||  7672
  Block: Buckler           |    34 |    63 |    81 |   217 |   566 |   997 |  1132 |   415 |   439 ||  3944
         Tower shield      |       |       |       |   267 |       |       |       |       |   696 ||   963
         Reflection        |       |       |       |       |     6 |    11 |    87 |    34 |   231 ||   369
         Kite shield       |       |       |       |       |       |       |       |  1229 |  2842 ||  4071

Table legend: (Time is in decaauts)
 A = Elapsed time spent in this place.
 B = Non-inter-level travel time spent in this place.
 C = Inter-level travel time spent in this place.
 D = Time resting spent in this place.
 E = Time spent auto-exploring this place.
 F = Levels seen in this place.
 G = Mean time per level.
                   A        B        C        D        E       F      G
               +--------+--------+--------+--------+--------+-----+--------+
         Total | 168044 | 148188 |  19856 |  12734 |  65092 | 172 |  977.0 |
       Dungeon |  27601 |  19815 |   7786 |    558 |  10921 |  15 | 1840.1 |
        Temple |      4 |      2 |      2 |      0 |      0 |   1 |    4.0 |
          Lair |  11149 |   9967 |   1182 |    820 |   5552 |   5 | 2229.8 |
        Shoals |   8205 |   8049 |    156 |    581 |   4197 |   4 | 2051.2 |
   Spider Nest |  12034 |  11236 |    798 |   1749 |   2080 |   4 | 3008.5 |
    Slime Pits |   7408 |   7119 |    289 |   2195 |   1601 |   5 | 1481.6 |
  Orcish Mines |   3591 |   2773 |    818 |     52 |   1263 |   2 | 1795.5 |
   Elven Halls |   8424 |   7290 |   1134 |    588 |   3052 |   3 | 2808.0 |
        Vaults |  20945 |  16492 |   4453 |   1824 |   7765 |   5 | 4189.0 |
         Crypt |   5825 |   5303 |    522 |    270 |   3067 |   3 | 1941.7 |
          Tomb |   5117 |   4951 |    166 |      0 |   1863 |   3 | 1705.7 |
        Depths |  12106 |  10318 |   1788 |   1396 |   4738 |   4 | 3026.5 |
          Hell |   1344 |   1344 |      0 |    133 |    771 |   1 | 1344.0 |
           Zot |  10541 |   9787 |    754 |    473 |   5841 |   5 | 2108.2 |
         Abyss |   1402 |   1402 |      0 |      6 |      0 |   2 |  701.0 |
      Ziggurat |  30137 |  30137 |      0 |   1215 |  12175 | 108 |  279.0 |
         Trove |    225 |    225 |      0 |      0 |      0 |   1 |  225.0 |
      Ice Cave |   1977 |   1977 |      0 |    872 |    200 |   1 | 1977.0 |
               +--------+--------+--------+--------+--------+-----+--------+

Top non-repeatable levels by time:
Vaults:1: 4567 daAuts
Vaults:3: 4422 daAuts
Vaults:2: 4219 daAuts
Vaults:4: 4045 daAuts
Depths:3: 4041 daAuts
  Lair:5: 3726 daAuts
Vaults:5: 3691 daAuts
Spider:3: 3641 daAuts
Spider:4: 3442 daAuts
   Elf:3: 3409 daAuts
    D:15: 3379 daAuts
Depths:1: 2933 daAuts
   Zot:2: 2801 daAuts
   Zot:5: 2731 daAuts
Depths:2: 2668 daAuts
